Workbook

Sheet Current Plan and Proposal
A2: CURRENT PLAN | C2: opening stock balance (end of week) | D2: not rotating items (over 90 days) | E2: stock balance - rotating items | F2: 08-14 DECEMBER | G2: 15-21 DECMBER | H2: 22-28 DECEMBER | I2: 29-04 DECEMBER/JANUARY | J2: 05-11 Oct | K2: 12-18 Oct | L2: 19-25 Oct | M2: 26-01 Nov | N2: 02-08 Nov | O2: 09-15 Nov | P2: 16-22 Nov | Q2: 23-29 Nov | R2: 30-06 Dec
A3: company | B3: week no. | F3: 50 | G3: 51 | H3: 52 | I3: 1 | J3: 41 | K3: 42 | L3: 43 | M3: 44 | N3: 45 | O3: 46 | P3: 47 | Q3: 48 | R3: 49
A4: JPL | B4: stock at the end of the week | C4: 841 | D4: 19 | E4: =C4-D4 -> 822 | F4: =E4+F7-F8 -> 855.6 | G4: =F4+G7-G8 -> 909.6 | H4: =G4+H7-H8 -> 861.6 | I4: =H4+I7-I8 -> 895.6 | J4: =#REF!+J7-J8 -> #REF! | K4: =J4+K7-K8 -> #REF! | L4: =K4+L7-L8 -> #REF! | M4: =L4+M7-M8 -> #REF! | N4: =M4+N7-N8 -> #REF! | O4: =N4+O7-O8 -> #REF! | P4: =O4+P7-P8 -> #REF! | Q4: =P4+Q7-Q8 -> #REF! | R4: =Q4+R7-R8 -> #REF!
B5: containers requested | F5: 0 | G5: 3 | H5: 0 | I5: 0
B6: stock production
B7: stock delivery | F7: 82 | G7: 175 | H7: 0 | I7: 82
B8: sales forecast weekly | F8: =ROUND(FORECAST!$G$3/3.8,0)/5*2 -> 48.4 | G8: =ROUND(FORECAST!$G$3/3.8,0) -> 121 | H8: =ROUND(FORECAST!$G$3/3.8*0.4,0) -> 48 | I8: =ROUND(FORECAST!$G$3/3.8*0.4,0) -> 48 | J8: =ROUND(FORECAST!$Q$3/4.4,0) -> 183 | K8: =ROUND(FORECAST!$Q$3/4.4,0) -> 183 | L8: =ROUND(FORECAST!$Q$3/4.4,0) -> 183 | M8: =ROUND(FORECAST!$Q$3/4.4,0) -> 183 | N8: =ROUND(FORECAST!$R$3/4.2,0) -> 130 | O8: =ROUND(FORECAST!$R$3/4.2,0) -> 130 | P8: =ROUND(FORECAST!$R$3/4.2,0) -> 130 | Q8: =ROUND(FORECAST!$R$3/4.2,0) -> 130 | R8: =ROUND(FORECAST!$R$3/4.2,0) -> 130
B9: next 8 weeks forecasted sales | F9: =SUM(G8:I8) -> 217 | G9: =SUM(H8:I8) -> 96 | H9: =SUM(I8:I8) -> 48 | I9: =SUM(#REF!) -> #REF! | J9: =SUM(K8:R8) -> 1199 | K9: =SUM(L8:S8) -> 1016 | L9: =SUM(M8:U8) -> 833 | M9: =SUM(N8:V8) -> 650 | N9: =SUM(O8:W8) -> 520 | O9: =SUM(P8:X8) -> 390 | P9: =SUM(Q8:Y8) -> 260 | Q9: =SUM(R8:Z8) -> 130 | R9: =SUM(S8:AA8) -> 0
B10: next 8 weeks cover % | F10: =F4/F9 -> 3.9428571 | G10: =G4/G9 -> 9.475 | H10: =H4/H9 -> 17.95 | I10: =I4/I9 -> #REF! | J10: =J4/J9 -> #REF! | K10: =K4/K9 -> #REF! | L10: =L4/L9 -> #REF! | M10: =M4/M9 -> #REF! | ... R10: =R4/R9 -> #REF!
B11: how many weeks cover | F11: =F10*8 -> 31.542857 | G11: =G10*8 -> 75.8 | H11: =H10*8 -> 143.6 | I11: =I10*8 -> #REF! | J11: =J10*8 -> #REF! | K11: =K10*8 -> #REF! | L11: =L10*8 -> #REF! | M11: =M10*8 -> #REF! | ... R11: =R10*8 -> #REF!
B12: over/under container effect | F12: =(F4-F9)/85 -> 7.5129412 | G12: =(G4-G9)/85 -> 9.5717647 | H12: =(H4-H9)/85 -> 9.5717647 | I12: =(I4-I9)/85 -> #REF! | J12: =(J4-J9)/85 -> #REF! | K12: =(K4-K9)/85 -> #REF! | L12: =(L4-L9)/85 -> #REF! | M12: =(M4-M9)/85 -> #REF! | ... R12: =(R4-R9)/85 -> #REF!
B14: this POR effect after delivery % | F14: =#REF! -> #REF! | G14: =#REF! -> #REF! | H14: =#REF! -> #REF! | I14: =#REF! -> #REF! | J14: =N10 -> #REF! | K14: =O10 -> #REF! | L14: =P10 -> #REF! | M14: =Q10 -> #REF! | N14: =R10 -> #REF! | O14: =S10 -> 0 | P14: =U10 -> 0 | Q14: =V10 -> 0 | R14: =W10 -> 0
B15: how many weeks cover | F15: =F14*8 -> #REF! | G15: =G14*8 -> #REF! | H15: =H14*8 -> #REF! | I15: =I14*8 -> #REF! | J15: =J14*8 -> #REF! | K15: =K14*8 -> #REF! | L15: =L14*8 -> #REF! | M15: =M14*8 -> #REF! | ... R15: =R14*8 -> 0
B16: over/under container effect | F16: =(#REF!-#REF!)/85 -> #REF! | G16: =(#REF!-#REF!)/85 -> #REF! | H16: =(#REF!-#REF!)/85 -> #REF! | I16: =(#REF!-#REF!)/85 -> #REF! | J16: =(N4-N9)/85 -> #REF! | K16: =(O4-O9)/85 -> #REF! | L16: =(P4-P9)/85 -> #REF! | M16: =(Q4-Q9)/85 -> #REF! | N16: =(R4-R9)/85 -> #REF! | O16: =(S4-S9)/85 -> 0 | P16: =(U4-U9)/85 -> 0 | Q16: =(V4-V9)/85 -> 0 | R16: =(W4-W9)/85 -> 0
B22: 05.10.2026
A23: PROPOSAL | C23: opening stock balance (end of week) | D23: not rotating items (over 90 days) | E23: stock balance - rotating items | J23: 05-11 Oct | K23: 12-18 Oct | L23: 19-25 Oct | M23: 26-01 Nov | N23: 02-08 Nov | O23: 09-15 Nov | P23: 16-22 Nov | Q23: 23-29 Nov | R23: 30-06 Dec | S23: 07-13 Dec | T23: 14-20 Dec | U23: 21-27 Dec | V23: 28-Dec 03-Jan | W23: 04-10 Jan | X23: 11-17 Jan | Y23: 18-24 Jan | Z23: 25-31 Jan | AA23: 01-07 Feb | AB23: 08-14 Feb | AC23: 15-21 Feb | AD23: 22-28 Feb Feb | AE23: 01-07 Mar | AF23: 08-14 Mar | AG23: 15-21 Mar | AH23: 22-28-Mar | AI23: 29-03 Apr | AJ23: 05-11 Apr | AK23: 12-18 Apr | AL23: 19-25 Apr | AM23: 26-02 Apr | AN23: 03-09 May | AO23: 10-16 May | AP23: 17-23 May | AQ23: 24-30 May | AR23: 31-06 Jun | AS23: 07-13 Jun | AT23: 14-20 Jun | AU23: 21-27 Jun | AV23: 28-04 Jul | AW23: 05-11 Jul | AX23: 12-18 Jul | AY23: 19-25 Jul | AZ23: 26-31 Jul | BA23: 02-08 Aug | BB23: 09-15 Aug | BC23: 16-22 Aug | BD23: 23-29 Aug | BE23: 30-05 Sep | BF23: 06-12 Sep | BG23: 13-19 Sep | BH23: 20-26 Sep | BI23: 27-03 Oct | BJ23: 04-10 Oct | BK23: 11-17 Oct | BL23: 18-24 Oct | BM23: 25-31 Oct | BN23: 01-07 Nov | BO23: 08-14 Nov | BP23: 15-21 Nov | BQ23: 22-28 Nov | BR23: 29-05 Dec | BS23: 06-12 Dec | BT23: 13-19 Dec | BU23: 20-26 Dec | BV23: 27-02 Jan | BW23: 03-09 Jan | BX23: 10-16 Jan | BY23: 17-23 Jan | BZ23: 24-30 Jan | CA23: 31-06 Feb | CB23: 7-13 Feb | CC23: 14-20 Feb | CD23: 21-27 Feb | CE23: 28-05 Mar | CF23: 06-12 Mar | CG23: 13-19 Mar | CH23: 20-26 Mar | CI23: 27-02 Apr
A24: company | B24: week no. | J24: 41 | K24: 42 | L24: 43 | M24: 44 | N24: 45 | O24: 46 | P24: 47 | Q24: 48 | R24: 49 | S24: 50 | T24: 51 | U24: 52 | V24: 53 | W24: 1 | X24: 2 | Y24: 3 | Z24: 4 | AA24: 5 | AB24: 6 | AC24: 7 | AD24: 8 | AE24: 9 | AF24: 10 | AG24: 11 | AH24: 12 | AI24: 13 | AJ24: 14 | AK24: 15 | AL24: 16 | AM24: 17 | AN24: 18 | AO24: 19 | AP24: 20 | AQ24: 21 | AR24: 22 | AS24: 23 | AT24: 24 | AU24: 25 | AV24: 26 | AW24: 27 | AX24: 28 | AY24: 29 | AZ24: 30 | BA24: 31 | BB24: 32 | BC24: 33 | BD24: 34 | BE24: 35 | BF24: 36 | BG24: 37 | BH24: 38 | BI24: 39 | BJ24: 40 | BK24: 41 | BL24: 42 | BM24: 43 | BN24: 44 | BO24: 45 | BP24: 46 | BQ24: 47 | BR24: 48 | BS24: 49 | BT24: 50 | BU24: 51 | BV24: 52 | BW24: 1 | BX24: 2 | BY24: 3 | BZ24: 4 | CA24: 5 | CB24: 6 | CC24: 7 | CD24: 8 | CE24: 9 | CF24: 10 | CG24: 11 | CH24: 12 | CI24: 13
A25: JPL | B25: stock at the end of the week | C25: 2013 | D25: 33 | E25: =C25-D25 -> 1980 | J25: =E25+J28-J29 -> 1967.8 | K25: =J25+K28-K29 -> 1852.8 | L25: =K25+L28-L29 -> 1739.8 | M25: =L25+M28-M29 -> 1564.8 | N25: =M25+N28-N29 -> 1577.8 | O25: =N25+O28-O29 -> 1531.8 | P25: =O25+P28-P29 -> 1417.8 | Q25: =P25+Q28-Q29 -> 1303.8 | R25: =Q25+R28-R29 -> 1203.8 | ... CI25: =CH25+CI28-CI29 -> -249.2
B26: containers requested | J26: 1 | K26: 1 | L26: 0 | M26: 0 | N26: 0 | O26: 0 | P26: 0 | Q26: 0 | R26: 0 | S26: 1 | T26: 2 | U26: 0 | V26: 0 | W26: 3 | X26: 3 | Y26: 3 | Z26: 2 | AA26: 2 | AB26: 3 | AC26: 2 | AD26: 3 | AE26: 2 | AF26: 3 | AG26: 2 | AH26: 2 | AI26: 2 | AJ26: 2 | AK26: 3 | AL26: 2 | AM26: 3 | AN26: 4 | AO26: 3 | AP26: 3 | AQ26: 1 | AR26: 2 | AS26: 3 | AT26: 3 | AU26: 4 | AV26: 3 | AW26: 3 | AX26: 4 | AY26: 4 | AZ26: 4 | BA26: 5 | BB26: 5 | BE26: 3 | BF26: 2 | BG26: 2 | BH26: 3 | BI26: 2 | BJ26: 2 | BK26: 2 | BL26: 2 | BM26: 1 | BN26: 2 | BO26: 2 | BP26: 2 | BQ26: 1 | BR26: 2 | BS26: 2 | BT26: 2 | BU26: 2 | BV26: 2
B27: stock production | J27: =J26*65 -> 65 | K27: =K26*65 -> 65 | L27: =L26*65 -> 0 | M27: =M26*65 -> 0 | N27: =N26*65 -> 0 | O27: =O26*65 -> 0 | P27: =P26*65 -> 0 | Q27: =Q26*65 -> 0 | ... CI27: =CI26*65 -> 0
B28: stock delivery | J28: =121-60 -> 61 | K28: 60 | L28: 62 | M28: 0 | N28: =67+60 -> 127 | O28: 68 | P28: =L27 -> 0 | Q28: =M27 -> 0 | R28: =N27 -> 0 | S28: =O27 -> 0 | T28: =P27 -> 0 | U28: =Q27 -> 0 | V28: =R27 -> 0 | W28: =S27 -> 65 | ... CI28: =CE27 -> 0
B29: sales forecast weekly | J29: =ROUND(FORECAST!$Q$3/4.4,0)/5*2 -> 73.2 | K29: =ROUND(FORECAST!$Q$3/4.4,0)-8 -> 175 | L29: =ROUND(FORECAST!$Q$3/4.4,0)-8 -> 175 | M29: =ROUND(FORECAST!$Q$3/4.4,0)-8 -> 175 | N29: =ROUND(FORECAST!$R$3/4.2,0)-8-8 -> 114 | O29: =ROUND(FORECAST!$R$3/4.2,0)-8-8 -> 114 | P29: =ROUND(FORECAST!$R$3/4.2,0)-8-8 -> 114 | Q29: =ROUND(FORECAST!$R$3/4.2,0)-8-8 -> 114 | R29: =ROUND(FORECAST!$R$3/4.2*0.2,0)+ROUND(FORECAST!$S$3/3.8*0.8,0)-8-8 -> 100 | S29: =ROUND(FORECAST!$S$3/3.8,0)-8 -> 104 | T29: =ROUND(FORECAST!$S$3/3.8,0)-8 -> 104 | U29: =ROUND(FORECAST!$S$3/3.8*0.6,0)-8 -> 59 | V29: =ROUND(FORECAST!$S$3/3.8*0.4,0) -> 45 | W29: =ROUND(FORECAST!$T$3/4,0) -> 117 | X29: =ROUND(FORECAST!$T$3/4,0) -> 117 | Y29: =ROUND(FORECAST!$T$3/4,0) -> 117 | Z29: =ROUND(FORECAST!$T$3/4,0) -> 117 | AA29: =ROUND(FORECAST!$U$3/4,0) -> 107 | AB29: =ROUND(FORECAST!$U$3/4,0) -> 107 | AC29: =ROUND(FORECAST!$U$3/4,0) -> 107 | AD29: =ROUND(FORECAST!$U$3/4,0) -> 107 | AE29: =ROUND(FORECAST!$V$3/4.6,0) -> 127 | AF29: =ROUND(FORECAST!$V$3/4.6,0) -> 127 | AG29: =ROUND(FORECAST!$V$3/4.6,0) -> 127 | AH29: =ROUND(FORECAST!$V$3/4.6,0) -> 127 | AI29: =ROUND(FORECAST!$V$3/4.6*0.6,0)+ROUND(FORECAST!$W$3/4.6*0.4,0) -> 130 | AJ29: =ROUND(FORECAST!$W$3/4.4,0) -> 140 | AK29: =ROUND(FORECAST!$W$3/4.4,0) -> 140 | AL29: =ROUND(FORECAST!$W$3/4.4,0) -> 140 | AM29: =ROUND(FORECAST!$W$3/4.6*0.8,0)+ROUND(FORECAST!$X$3/4.2*0.2,0) -> 138 | AN29: =ROUND(FORECAST!$X$3/4.2,0) -> 154 | AO29: =ROUND(FORECAST!$X$3/4.2,0) -> 154 | AP29: =ROUND(FORECAST!$X$3/4.2,0) -> 154 | AQ29: =ROUND(FORECAST!$X$3/4.2,0) -> 154 | AR29: =ROUND(FORECAST!$X$3/4.2*0.2,0)+ROUND(FORECAST!$Y$3/4.4*0.8,0) -> 145 | AS29: =ROUND(FORECAST!$Y$3/4.4,0) -> 143 | AT29: =ROUND(FORECAST!$Y$3/4.4,0) -> 143 | AU29: =ROUND(FORECAST!$Y$3/4.4,0) -> 143 | AV29: =ROUND(FORECAST!$Y$3/4.4*0.6,0)+ROUND(FORECAST!$Z$3/4.4*0.4,0) -> 151 | AW29: =ROUND(FORECAST!Z$3/4.4,0) -> 163 | AX29: =ROUND(FORECAST!AA$3/4.4,0) -> 150 | AY29: =ROUND(FORECAST!AB$3/4.4,0) -> 210 | AZ29: =ROUND(FORECAST!AC$3/4.4,0) -> 233 | BA29: =ROUND(FORECAST!$AA$3/4.4,0) -> 150 | BB29: =ROUND(FORECAST!$AA$3/4.4,0) -> 150 | BC29: =ROUND(FORECAST!$AA$3/4.4,0) -> 150 | BD29: =ROUND(FORECAST!$AA$3/4.4,0) -> 150 | BE29: =ROUND(FORECAST!$AA$3/4.4*0.4,0)+ROUND(FORECAST!$AB$3/4.4*0.6,0) -> 186 | BF29: =ROUND(FORECAST!$AB$3/4.4,0) -> 210 | BG29: =ROUND(FORECAST!$AB$3/4.4,0) -> 210 | BH29: =ROUND(FORECAST!$AB$3/4.4,0) -> 210 | BI29: =ROUND(FORECAST!$AB$3/4.4*0.8,0)+ROUND(FORECAST!$AC$3/4.2*0.2,0) -> 217 | BJ29: =ROUND(FORECAST!$AC$3/4.2,0) -> 244 | BK29: =ROUND(FORECAST!$AC$3/4.2,0) -> 244 | BL29: =ROUND(FORECAST!$AC$3/4.2,0) -> 244 | BM29: =ROUND(FORECAST!$AC$3/4.2,0) -> 244 | BN29: =ROUND(FORECAST!$AD$3/4.2,0) -> 157 | BO29: =ROUND(FORECAST!$AD$3/4.2,0) -> 157 | BP29: =ROUND(FORECAST!$AD$3/4.2,0) -> 157 | BQ29: =ROUND(FORECAST!$AD$3/4.2,0) -> 157 | BR29: =ROUND(FORECAST!$AD$3/4.2*0.4,0)+ROUND(FORECAST!$AE$3/3.8*0.6,0) -> 150 | BS29: =ROUND(FORECAST!$AE$3/3.8,0) -> 146 | BT29: =ROUND(FORECAST!$AE$3/3.8,0) -> 146 | BU29: =ROUND(FORECAST!$AE$3/3.8,0) -> 146 | BV29: =ROUND(FORECAST!$AE$3/3.8,0) -> 146 | BW29: =ROUND(FORECAST!$AF$3/4.2,0) -> 117 | BX29: =ROUND(FORECAST!$AF$3/4.2,0) -> 117 | BY29: =ROUND(FORECAST!$AF$3/4.2,0) -> 117 | BZ29: =ROUND(FORECAST!$AF$3/4.2,0) -> 117 | CA29: =ROUND(FORECAST!$AF$3/4.2*0.2,0)+ROUND(FORECAST!$AG$3/4.2*0.8,0) -> 108 | CB29: =ROUND(FORECAST!$AG$3/4.2,0) -> 106 | CC29: =ROUND(FORECAST!$AG$3/4.2,0) -> 106 | CD29: =ROUND(FORECAST!$AG$3/4.2,0) -> 106 | CE29: =ROUND(FORECAST!$AG$3/4.2*0.4,0)+ROUND(FORECAST!$AH$3/4.2*0.6,0) -> 131 | CF29: =ROUND(FORECAST!$AH$3/4.6,0) -> 134 | CG29: =ROUND(FORECAST!$AH$3/4.6,0) -> 134 | CH29: =ROUND(FORECAST!$AH$3/4.6,0) -> 134 | CI29: =ROUND(FORECAST!$AH$3/4.6,0) -> 134
B30: next 8 weeks forecasted sales | J30: =SUM(K29:R29) -> 1081 | K30: =SUM(L29:S29) -> 1010 | L30: =SUM(M29:T29) -> 939 | M30: =SUM(N29:U29) -> 823 | N30: =SUM(O29:V29) -> 754 | O30: =SUM(P29:W29) -> 757 | P30: =SUM(Q29:X29) -> 760 | Q30: =SUM(R29:Y29) -> 763 | ... CI30: =SUM(CJ29:CQ29) -> 0
B31: next 8 weeks cover % | J31: =J25/J30 -> 1.8203515 | K31: =K25/K30 -> 1.8344554 | L31: =L25/L30 -> 1.8528222 | M31: =M25/M30 -> 1.9013366 | N31: =N25/N30 -> 2.0925729 | O31: =O25/O30 -> 2.0235139 | P31: =P25/P30 -> 1.8655263 | Q31: =Q25/Q30 -> 1.7087811 | ... CI31: =CI25/CI30 -> #DIV/0!
B32: how many weeks cover | J32: =J31*8 -> 14.562812 | K32: =K31*8 -> 14.675644 | L32: =L31*8 -> 14.822577 | M32: =M31*8 -> 15.210693 | N32: =N31*8 -> 16.740584 | O32: =O31*8 -> 16.188111 | P32: =P31*8 -> 14.924211 | Q32: =Q31*8 -> 13.670249 | ... CI32: =CI31*8 -> #DIV/0!
B33: over/under container effect | J33: =(J25-J30)/65 -> 13.643077 | K33: =(K25-K30)/65 -> 12.966154 | L33: =(L25-L30)/65 -> 12.32 | M33: =(M25-M30)/65 -> 11.412308 | N33: =(N25-N30)/65 -> 12.673846 | O33: =(O25-O30)/65 -> 11.92 | P33: =(P25-P30)/65 -> 10.12 | Q33: =(Q25-Q30)/65 -> 8.32 | ... CI33: =(CI25-CI30)/65 -> -3.8338462
B35: this POR effect after delivery % | J35: =N31 -> 2.0925729 | K35: =O31 -> 2.0235139 | L35: =P31 -> 1.8655263 | M35: =Q31 -> 1.7087811 | N35: =R31 -> 1.5433333 | O35: =S31 -> 1.4045977 | P35: =T31 -> 1.2669211 | Q35: =U31 -> 1.1232614 | ... CI35: =CM31 -> 0
B36: how many weeks cover | J36: =J35*8 -> 16.740584 | K36: =K35*8 -> 16.188111 | L36: =L35*8 -> 14.924211 | M36: =M35*8 -> 13.670249 | N36: =N35*8 -> 12.346667 | O36: =O35*8 -> 11.236782 | P36: =P35*8 -> 10.135369 | Q36: =Q35*8 -> 8.9860911 | ... CI36: =CI35*8 -> 0
B37: over/under container effect | J37: =(N25-N30)/65 -> 12.673846 | K37: =(O25-O30)/65 -> 11.92 | L37: =(P25-P30)/65 -> 10.12 | M37: =(Q25-Q30)/65 -> 8.32 | N37: =(R25-R30)/65 -> 6.52 | O37: =(S25-S30)/65 -> 4.8738462 | P37: =(T25-T30)/65 -> 3.2276923 | Q37: =(U25-U30)/65 -> 1.5815385 | ... CI37: =(CM25-CM30)/65 -> 0
D73: direct containers
D74: ISKO | E74: 65
E75: =E74/8 -> 8.125 | L75: week 41 now | N75: =J33 -> 13.643077 | O75: over containers
N76: 2.7 | O76: over containers in week 41 from planner 05.08- direct containers sales drop not included in forecast
D77: BIMS | E77: 64 | M77: 144 | N77: =144/65 -> 2.2153846 | O77: August difference - forecast vs actual
E78: =E77/8 -> 8 | M78: 161 | N78: =161/65 -> 2.4769231 | O78: September difference - forecast vs actual
M79: =65*N79 -> 128 | N79: =(N86-N87)/65 -> 1.9692308 | O79: October forecast reduction
M80: =65*N80 -> 108 | N80: =(N89-N90)/65 -> 1.6615385 | O80: November forecast reduction
M81: =65*N81 -> 81 | N81: =(N92-N93)/65 -> 1.2461538 | O81: December forecast reduction
M82: =SUM(M77:M81) -> 622 | N82: 2 | O82: Direct container ISKO and BIMS - future sales reduced
N83: -1 | O83: 1 delayed container will come in week 45 not 41
N84: =N75-N76-N77-N78-N79-N80-N81-N82-N83 -> 0.37384615
N86: 931 | O86: October in forecast from 05.08
N87: =FORECAST!Q3 -> 803 | O87: October now
N89: 654 | O89: November in forecast from 05.08
N90: =FORECAST!R3 -> 546 | O90: November now
N92: 507 | O92: December in forecast from 05.08
N93: =FORECAST!S3 -> 426 | O93: December now
D102: wysłane Mairead

Sheet FORECAST
B2: Check | E2: 45931 | F2: =EDATE(E2,1) -> 45962 | G2: =EDATE(F2,1) -> 45992 | H2: =EDATE(G2,1) -> 46023 | I2: =EDATE(H2,1) -> 46054 | J2: =EDATE(I2,1) -> 46082 | K2: =EDATE(J2,1) -> 46113 | L2: =EDATE(K2,1) -> 46143 | M2: =EDATE(L2,1) -> 46174 | ... S2: =EDATE(R2,1) -> 46357 | T2: 46388 | U2: 46419 | V2: 46447 | W2: 46478 | X2: 46508 | Y2: 46539 | Z2: 46569 | AA2: 46600 | AB2: 46631 | AC2: 46661 | AD2: 46692 | AE2: 46722 | AF2: 46753 | AG2: 46784 | AH2: 46813
B3: =IF(COUNTIFS(#REF!,"PL",#REF!,"")>0,"Check","Ok") -> #REF! | D3: Forecast 05.10.2026 | E3: 771 | F3: 591 | G3: 459 | H3: 374 | I3: 381 | J3: 527 | K3: 515 | L3: 570 | M3: ='budget and forecast rec'!G8 -> 613 | N3: ='budget and forecast rec'!H8 -> 708 | O3: 643 | P3: 835 | Q3: 803 | R3: 546 | S3: 426 | T3: 467 | U3: 426 | V3: 586 | W3: 618 | X3: 648 | Y3: 628 | Z3: 716 | AA3: 658 | AB3: 925 | AC3: 1025 | AD3: 660 | AE3: 554 | AF3: =ROUND(T3+T3*5%,0) -> 490 | AG3: =ROUND(U3+U3*5%,0) -> 447 | AH3: =ROUND(V3+V3*5%,0) -> 615
P4: Forecast 12.10.2026 | T4: budgeted | U4: budgeted | V4: budgeted

Sheet Warehouse 05.10.2026
A1: No_ | B1: Category | C1: Item Category | D1: Sub-Category | E1: Vendor No_ | F1: Warehouse | G1: Damaged | H1: Total in Stock | I1: POR | J1: SOR | K1: Inventory Balance | L1: TO ORDER | M1: Last 30 Days | N1: Last 60 Days | O1: Last 90 Days | P1: Last 180 Days | Q1: 30 Days Last Year | R1: 60 Days Last Year | S1: 90 Days Last Year | T1: 180 Days Last Year | U1: Next 30 Days Last Year | V1: Next 60 Days Last Year | W1: Next 90 Days Last Year | X1: Next 180 Days Last Year | Y1: No Movement | Z1: Avg 90 Days Margin | AA1: Avg 90 Days Margin PLN
A2: TCPMVG-0300NFC | B2: ST | C2: ST-HP-SOLAR | D2: SOLAR | E2: VIDEI001 | F2: 146 | G2: 2 | H2: 148 | I2: 73 | J2: -17 | K2: 204 | M2: -37 | N2: -102 | O2: -141 | P2: -296 | Q2: -76 | R2: -127 | S2: -196 | T2: -327 | U2: -90 | V2: -131 | W2: -161 | X2: -292 | Y2: NO | Z2: 25,41% | AA2: 1131343
A3: TCPMVS-0300NFC | B3: ST | C3: ST-TWIN-SOLAR | D3: SOLAR | E3: VIDEI001 | F3: 183 | G3: 0 | H3: 183 | I3: 20 | J3: -4 | K3: 199 | M3: -81 | N3: -130 | O3: -202 | P3: -374 | Q3: -74 | R3: -147 | S3: -216 | T3: -371 | U3: -55 | V3: -91 | W3: -116 | X3: -280 | Y3: NO | Z3: 28,07% | AA3: 9004103
A4: TCPMVH-0300NFC | B4: ST | C4: ST-HP | D4: HP | E4: VIDEI001 | F4: 152 | G4: 2 | H4: 154 | I4: 55 | J4: -31 | K4: 178 | M4: -67 | N4: -126 | O4: -175 | P4: -355 | Q4: -94 | R4: -151 | S4: -194 | T4: -337 | U4: -71 | V4: -155 | W4: -175 | X4: -312 | Y4: NO | Z4: 28,06% | AA4: 1199952
A5: TCPMVI-0200NFC | B5: ST | C5: ST-INDIRECT | D5: INDIRECT | E5: VIDEI001 | F5: 112 | H5: 112 | I5: 4 | J5: -2 | K5: 114 | M5: -33 | N5: -60 | O5: -84 | P5: -201 | Q5: -47 | R5: -73 | S5: -100 | T5: -186 | U5: -38 | V5: -57 | W5: -72 | X5: -134 | Y5: NO | Z5: 32,90% | AA5: 8568594
A6: TCPMVI-0150LFB | B6: ST | C6: ST-INDIRECT | D6: INDIRECT | E6: VIDEI001 | F6: 95 | H6: 95 | I6: 11 | K6: 106 | M6: -41 | N6: -66 | O6: -107 | P6: -206 | Q6: -47 | R6: -75 | S6: -117 | T6: -171 | U6: -51 | V6: -82 | W6: -90 | X6: -147 | Y6: NO | Z6: 26,80% | AA6: 5962911
A7: TCPMVH-0200LFC | B7: ST | C7: ST-HP | D7: HP | E7: VIDEI001 | F7: 102 | G7: 2 | H7: 104 | I7: 12 | J7: -11 | K7: 105 | M7: -21 | N7: -47 | O7: -67 | P7: -152 | Q7: -31 | R7: -54 | S7: -79 | T7: -168 | U7: -25 | V7: -46 | W7: -54 | X7: -99 | Y7: NO | Z7: 42,84% | AA7: 1593572
A8: TCPMVI-0300NFC | B8: ST | C8: ST-INDIRECT | D8: INDIRECT | E8: VIDEI001 | F8: 85 | H8: 85 | I8: 4 | K8: 89 | M8: -15 | N8: -35 | O8: -56 | P8: -125 | Q8: -26 | R8: -46 | S8: -70 | T8: -127 | U8: -21 | V8: -42 | W8: -54 | X8: -101 | Y8: NO | Z8: 32,12% | AA8: 9806327
A9: BBSSD-00200NFC | B9: ST | C9: ST-BUFFER | D9: BUFFER | E9: VIDEI001 | F9: 77 | G9: 0 | H9: 77 | I9: 15 | J9: -8 | K9: 84 | M9: -26 | N9: -33 | O9: -55 | P9: -119 | Q9: -14 | R9: -42 | S9: -55 | T9: -91 | U9: -29 | V9: -46 | W9: -56 | X9: -84 | Y9: NO | Z9: 27,95% | AA9: 5905154
A10: TCPMVS-0200NFC | B10: ST | C10: ST-TWIN-SOLAR | D10: SOLAR | E10: VIDEI001 | F10: 51 | H10: 51 | I10: 21 | K10: 72 | M10: -29 | N10: -48 | O10: -69 | P10: -130 | Q10: -20 | R10: -40 | S10: -55 | T10: -107 | U10: -18 | V10: -28 | W10: -34 | X10: -74 | Y10: NO | Z10: 30,12% | AA10: 8364552
A11: TCPMVI-0125TLC | B11: ST | C11: ST-INDIRECT-TOP | D11: TOP | E11: VIDEI001 | F11: 63 | G11: 0 | H11: 63 | I11: 4 | K11: 67 | M11: -28 | N11: -43 | O11: -54 | P11: -103 | Q11: -27 | R11: -40 | S11: -63 | T11: -99 | U11: -26 | V11: -34 | W11: -37 | X11: -85 | Y11: NO | Z11: 20,64% | AA11: 5035713
A12: TCPMVI-0125LFB | B12: ST | C12: ST-INDIRECT | D12: INDIRECT | E12: VIDEI001 | F12: 52 | G12: 0 | H12: 52 | I12: 7 | J12: -2 | K12: 57 | M12: -16 | N12: -32 | O12: -41 | P12: -77 | Q12: -12 | R12: -28 | S12: -35 | T12: -68 | U12: -22 | V12: -35 | W12: -39 | X12: -66 | Y12: NO | Z12: 27,68% | AA12: 5963692
A13: TCPMVI-0150TLC | B13: ST | C13: ST-INDIRECT-TOP | D13: TOP | E13: VIDEI001 | F13: 46 | H13: 46 | I13: 11 | K13: 57 | M13: -21 | N13: -34 | O13: -49 | P13: -97 | Q13: -15 | R13: -27 | S13: -35 | T13: -82 | U13: -11 | V13: -21 | W13: -25 | X13: -45 | Y13: NO | Z13: 17,34% | AA13: 4427147
A14: BBSSD-00090WH | B14: ST | C14: ST-BUFFER | D14: BUFFER | E14: VIDEI001 | F14: 40 | G14: 0 | H14: 40 | I14: 5 | J14: -1 | K14: 44 | M14: -10 | N14: -22 | O14: -34 | P14: -69 | U14: -9 | V14: -23 | W14: -28 | X14: -53 | Y14: NO | Z14: 18,66% | AA14: 2869449
A15: BBSSD-00300NFC | B15: ST | C15: ST-BUFFER | D15: BUFFER | E15: VIDEI001 | F15: 42 | G15: 0 | H15: 42 | K15: 42 | M15: -6 | N15: -14 | O15: -19 | P15: -35 | Q15: -10 | R15: -20 | S15: -27 | T15: -46 | U15: -10 | V15: -17 | W15: -28 | X15: -50 | Y15: NO | Z15: 28,99% | AA15: 8305865
A16: TCPMVG-0200LFC | B16: ST | C16: ST-HP-SOLAR | D16: SOLAR | E16: VIDEI001 | F16: 33 | G16: 1 | H16: 34 | I16: 1 | K16: 35 | M16: -10 | N16: -19 | O16: -22 | P16: -53 | Q16: -11 | R16: -21 | S16: -37 | T16: -58 | U16: -17 | V16: -34 | W16: -42 | X16: -73 | Y16: NO | Z16: 24,97% | AA16: 1053893
A17: TCPMVH-0500LFC | B17: ST | C17: ST-HP | D17: HP | E17: VIDEI001 | F17: 35 | H17: 35 | I17: 1 | J17: -2 | K17: 34 | M17: -8 | N17: -15 | O17: -20 | P17: -54 | Q17: -15 | R17: -24 | S17: -31 | T17: -56 | U17: -15 | V17: -27 | W17: -30 | X17: -60 | Y17: NO | Z17: 23,40% | AA17: 1486147
A18: TCPMVS-0300LFD | B18: ST | C18: ST-TWIN-SOLAR | D18: SOLAR | E18: VIDEI001 | F18: 27 | G18: 1 | H18: 28 | I18: 5 | K18: 33 | M18: -2 | N18: -4 | O18: -19 | P18: -39 | Q18: -7 | R18: -13 | S18: -19 | T18: -42 | U18: -5 | V18: -12 | W18: -18 | X18: -29 | Y18: NO | Z18: 27,47% | AA18: 8466382
A19: TCPMVG-0400LFC | B19: ST | C19: ST-HP-SOLAR | D19: SOLAR | E19: VIDEI001 | F19: 29 | H19: 29 | K19: 29 | M19: -4 | N19: -7 | O19: -14 | P19: -30 | Q19: -6 | R19: -8 | S19: -11 | T19: -27 | U19: -5 | V19: -12 | W19: -15 | X19: -33 | Y19: NO | Z19: 18,73% | AA19: 1053531
A20: TCPMVS-0250NFC | B20: ST | C20: ST-TWIN-SOLAR | D20: SOLAR | E20: VIDEI001 | F20: 24 | H20: 24 | I20: 5 | K20: 29 | M20: -10 | N20: -18 | O20: -31 | P20: -53 | Q20: -10 | R20: -17 | S20: -24 | T20: -35 | U20: -12 | V20: -13 | W20: -14 | X20: -36 | Y20: NO | Z20: 27,69% | AA20: 838646
A21: TCPMVD-0300NFD | B21: ST | C21: ST-DIRECT | D21: DIRECT | E21: VIDEI001 | F21: 28 | G21: 0 | H21: 28 | K21: 28 | M21: -5 | N21: -8 | O21: -8 | P21: -43 | Q21: -3 | R21: -10 | S21: -15 | T21: -26 | U21: -6 | V21: -6 | W21: -9 | X21: -23 | Y21: NO | Z21: 36,26% | AA21: 1005874
A22: TCPMVG-0500LFC | B22: ST | C22: ST-HP-SOLAR | D22: SOLAR | E22: VIDEI001 | F22: 21 | G22: 1 | H22: 22 | I22: 6 | K22: 28 | M22: -8 | N22: -18 | O22: -23 | P22: -38 | Q22: -3 | R22: -6 | S22: -7 | T22: -21 | U22: -8 | V22: -11 | W22: -16 | X22: -38 | Y22: NO | Z22: 28,94% | AA22: 1945521
A23: BBSSD-00500NFC | B23: ST | C23: ST-BUFFER | D23: BUFFER | E23: VIDEI001 | F23: 9 | H23: 9 | I23: 17 | K23: 26 | M23: -6 | N23: -18 | O23: -24 | P23: -36 | Q23: -6 | R23: -14 | S23: -19 | T23: -35 | U23: -9 | V23: -17 | W23: -26 | X23: -41 | Y23: NO | Z23: 26,61% | AA23: 1121707
A24: TCPMVS-0400LFC | B24: ST | C24: ST-TWIN-SOLAR | D24: SOLAR | E24: VIDEI001 | F24: 26 | G24: 0 | H24: 26 | K24: 26 | M24: -2 | N24: -6 | O24: -10 | P24: -31 | Q24: -6 | R24: -8 | S24: -12 | T24: -22 | U24: -4 | V24: -11 | W24: -13 | X24: -19 | Y24: NO | Z24: 25,51% | AA24: 1086233
A25: TCPMVI-0500LFC | B25: ST | C25: ST-INDIRECT | D25: INDIRECT | E25: VIDEI001 | F25: 23 | H25: 23 | I25: 1 | K25: 24 | M25: -3 | N25: -11 | O25: -13 | P25: -29 | Q25: -5 | R25: -9 | S25: -16 | T25: -26 | U25: -11 | V25: -17 | W25: -20 | X25: -43 | Y25: NO | Z25: 32,52% | AA25: 1554859
A26: TCPMVI-0200LFB | B26: ST | C26: ST-INDIRECT | D26: INDIRECT | E26: VIDEI001 | F26: 20 | H26: 20 | I26: 3 | K26: 23 | M26: -4 | N26: -5 | O26: -12 | P26: -26 | Q26: -5 | R26: -9 | S26: -14 | T26: -26 | U26: -8 | V26: -13 | W26: -13 | X26: -30 | Y26: NO | Z26: 32,41% | AA26: 9649918
A27: TCPMVI-0300LFD | B27: ST | C27: ST-INDIRECT | D27: INDIRECT | E27: VIDEI001 | F27: 11 | G27: 2 | H27: 13 | I27: 10 | K27: 23 | M27: -4 | N27: -11 | O27: -20 | P27: -29 | Q27: -4 | R27: -8 | S27: -13 | T27: -23 | U27: -1 | V27: -2 | W27: -2 | X27: -9 | Y27: NO | Z27: 26,53% | AA27: 7932074
A28: TCPMVS-0200LFD | B28: ST | C28: ST-TWIN-SOLAR | D28: SOLAR | E28: VIDEI001 | F28: 20 | G28: 0 | H28: 20 | I28: 1 | K28: 21 | M28: -3 | N28: -8 | O28: -10 | P28: -24 | Q28: -8 | R28: -11 | S28: -16 | T28: -26 | U28: -5 | V28: -14 | W28: -17 | X28: -31 | Y28: NO | Z28: 30,34% | AA28: 8470325
A29: TCPMVS-0500LFC | B29: ST | C29: ST-TWIN-SOLAR | D29: SOLAR | E29: VIDEI001 | F29: 13 | H29: 13 | I29: 8 | K29: 21 | M29: -15 | N29: -18 | O29: -28 | P29: -47 | Q29: -10 | R29: -18 | S29: -27 | T29: -48 | U29: -1 | V29: -13 | W29: -21 | X29: -45 | Y29: NO | Z29: 28,54% | AA29: 1367087
A30: TCPMVD-0200NFD | B30: ST | C30: ST-DIRECT | D30: DIRECT | E30: VIDEI001 | F30: 15 | G30: 0 | H30: 15 | I30: 4 | K30: 19 | M30: -2 | N30: -8 | O30: -10 | P30: -19 | Q30: -4 | R30: -7 | S30: -12 | T30: -17 | U30: -1 | V30: -6 | W30: -8 | X30: -22 | Y30: NO | Z30: 34,73% | AA30: 854933
A31: TCPMVI-0150WH | B31: ST | C31: ST-INDIRECT-HANG | D31: HANG | E31: VIDEI001 | F31: 7 | G31: 0 | H31: 7 | I31: 12 | K31: 19 | M31: -5 | N31: -9 | O31: -11 | P31: -24 | Q31: -6 | R31: -6 | S31: -13 | T31: -18 | U31: -3 | V31: -5 | W31: -7 | X31: -16 | Y31: NO | Z31: 23,83% | AA31: 5480556
A32: TCPMVI-0100LFB | B32: ST | C32: ST-INDIRECT | D32: INDIRECT | E32: VIDEI001 | F32: 18 | G32: 0 | H32: 18 | K32: 18 | M32: -3 | N32: -7 | O32: -9 | P32: -27 | Q32: -9 | R32: -13 | S32: -14 | T32: -29 | U32: -5 | V32: -11 | W32: -13 | X32: -24 | Y32: NO | Z32: 29,99% | AA32: 6552962
A33: TCLMVJ-30090FC | B33: ST | C33: ST-TOT | D33: TOT | E33: VIDEI001 | F33: 16 | G33: 1 | H33: 17 | K33: 17 | M33: -7 | N33: -10 | O33: -11 | P33: -23 | Q33: -5 | R33: -7 | S33: -11 | T33: -16 | U33: -2 | V33: -8 | W33: -9 | X33: -13 | Y33: NO | Z33: 28,68% | AA33: 1805491
A34: TCPMVH-0300LFD | B34: ST | C34: ST-HP | D34: HP | E34: VIDEI001 | F34: 9 | G34: 2 | H34: 11 | I34: 6 | K34: 17 | M34: -6 | N34: -9 | O34: -16 | P34: -25 | Q34: -1 | R34: -2 | S34: -6 | T34: -9 | U34: -4 | V34: -8 | W34: -10 | X34: -16 | Y34: NO | Z34: 26,44% | AA34: 1156546
A35: TCPMVH-0400LFC | B35: ST | C35: ST-HP | D35: HP | E35: VIDEI001 | F35: 15 | G35: 0 | H35: 15 | I35: 2 | K35: 17 | M35: -11 | N35: -16 | O35: -21 | P35: -42 | Q35: -3 | R35: -11 | S35: -13 | T35: -21 | U35: -6 | V35: -15 | W35: -15 | X35: -31 | Y35: NO | Z35: 25,00% | AA35: 1353083
A36: TCPMVI-0125WH | B36: ST | C36: ST-INDIRECT-HANG | D36: HANG | E36: VIDEI001 | F36: 9 | G36: 0 | H36: 9 | I36: 8 | K36: 17 | M36: -6 | N36: -7 | O36: -9 | P36: -20 | Q36: -2 | R36: -5 | S36: -6 | T36: -9 | U36: -2 | V36: -3 | W36: -6 | X36: -7 | Y36: NO | Z36: 24,79% | AA36: 5780678
A37: TCPMVI-0250NFC | B37: ST | C37: ST-INDIRECT | D37: INDIRECT | E37: VIDEI001 | F37: 14 | G37: 1 | H37: 15 | I37: 2 | K37: 17 | M37: -4 | N37: -9 | O37: -12 | P37: -17 | Q37: -2 | R37: -5 | S37: -9 | T37: -29 | U37: -1 | V37: -6 | W37: -8 | X37: -22 | Y37: NO | Z37: 25,81% | AA37: 7207886
A38: DCEMVS-000210L | B38: ST | C38: ST-HP-OEM | D38: OEM | E38: VIDEI001 | F38: 8 | H38: 8 | I38: 8 | K38: 16 | M38: -32 | N38: -32 | O38: -48 | P38: -79 | Q38: -16 | R38: -24 | S38: -40 | T38: -70 | U38: -16 | V38: -32 | W38: -32 | X38: -48 | Y38: NO | Z38: 25,16% | AA38: 676177
A39: TCPMV3-0300HGC | B39: ST | C39: ST-HP-TRIPLE | D39: TRIPLE | E39: VIDEI001 | F39: 10 | H39: 10 | I39: 6 | K39: 16 | M39: -9 | N39: -13 | O39: -15 | P39: -22 | Q39: -5 | R39: -12 | S39: -13 | T39: -22 | U39: -9 | V39: -14 | W39: -17 | X39: -23 | Y39: NO | Z39: 24,16% | AA39: 1223488
A40: TCPMVD-0150LFC | B40: ST | C40: ST-DIRECT | D40: DIRECT | E40: VIDEI001 | F40: 5 | H40: 5 | I40: 11 | K40: 16 | M40: -4 | N40: -10 | O40: -14 | P40: -27 | R40: -3 | S40: -10 | T40: -12 | V40: -2 | W40: -4 | X40: -11 | Y40: NO | Z40: 32,58% | AA40: 6980939
A41: TCPMVI-0150LFA | B41: ST | C41: ST-INDIRECT | D41: INDIRECT | E41: VIDEI001 | F41: 14 | G41: 0 | H41: 14 | I41: 2 | K41: 16 | M41: -2 | N41: -7 | O41: -11 | P41: -21 | Q41: -2 | R41: -2 | S41: -4 | T41: -13 | U41: -4 | V41: -6 | W41: -7 | X41: -16 | Y41: NO | Z41: 28,52% | AA41: 7290465
A42: TCPMV3-0300NFC | B42: ST | C42: ST-TRIPLE | D42: TRIPLE | E42: VIDEI001 | F42: 10 | G42: 1 | H42: 11 | I42: 4 | K42: 15 | M42: -5 | N42: -11 | O42: -18 | P42: -26 | Q42: -2 | R42: -5 | S42: -7 | T42: -13 | U42: -6 | V42: -10 | W42: -13 | X42: -17 | Y42: NO | Z42: 26,07% | AA42: 9865589
A43: TCPMVG-0250LFC | B43: ST | C43: ST-HP-SOLAR | D43: SOLAR | E43: VIDEI001 | F43: 7 | G43: 1 | H43: 8 | I43: 7 | K43: 15 | M43: -8 | N43: -12 | O43: -17 | P43: -27 | Q43: -4 | R43: -8 | S43: -10 | T43: -14 | U43: -6 | V43: -10 | W43: -16 | X43: -25 | Y43: NO | Z43: 23,28% | AA43: 1043585
A44: TCPMVS-0200LFB | B44: ST | C44: ST-TWIN-SOLAR | D44: SOLAR | E44: VIDEI001 | F44: 12 | H44: 12 | I44: 5 | J44: -2 | K44: 15 | M44: -4 | N44: -6 | O44: -10 | P44: -20 | Q44: -3 | R44: -7 | S44: -11 | T44: -24 | U44: -10 | V44: -11 | W44: -14 | X44: -20 | Y44: NO | Z44: 28,08% | AA44: 8426961
A45: TCLMVJ-25090FC | B45: ST | C45: ST-TOT | D45: TOT | E45: VIDEI001 | F45: 14 | H45: 14 | K45: 14 | M45: -1 | N45: -2 | O45: -4 | P45: -9 | Q45: -2 | R45: -2 | S45: -6 | T45: -8 | U45: -4 | V45: -5 | W45: -5 | X45: -9 | Y45: NO | Z45: 34,87% | AA45: 2244209
A46: TCPMVI-0100WH | B46: ST | C46: ST-INDIRECT-HANG | D46: HANG | E46: VIDEI001 | F46: 9 | H46: 9 | I46: 5 | K46: 14 | M46: -4 | N46: -8 | O46: -8 | P46: -15 | Q46: -3 | R46: -6 | S46: -8 | T46: -11 | U46: -5 | V46: -5 | W46: -7 | X46: -16 | Y46: NO | Z46: 26,68% | AA46: 5605093
A47: BBSSD-00400NFC | B47: ST | C47: ST-BUFFER | D47: BUFFER | E47: VIDEI001 | F47: 13 | H47: 13 | K47: 13 | O47: -1 | P47: -7 | Q47: -2 | R47: -4 | S47: -6 | T47: -6 | U47: -1 | V47: -3 | W47: -5 | X47: -11 | Y47: NO | Z47: 29,77% | AA47: 1106226
A48: TCPMVS-0250LFD | B48: ST | C48: ST-TWIN-SOLAR | D48: SOLAR | E48: VIDEI001 | F48: 11 | G48: 0 | H48: 11 | I48: 2 | K48: 13 | M48: -7 | N48: -12 | O48: -17 | P48: -23 | Q48: -4 | R48: -5 | S48: -8 | T48: -18 | U48: -6 | V48: -15 | W48: -16 | X48: -20 | Y48: NO | Z48: 24,15% | AA48: 6930653
A49: BBSSH-00300NFC | B49: ST | C49: ST-BUFFER-HP | D49: HP | E49: VIDEI001 | F49: 11 | G49: 1 | H49: 12 | K49: 12 | M49: 1 | N49: 1 | O49: 1 | P49: -6 | Q49: -3 | R49: -5 | S49: -5 | T49: -9 | U49: -1 | V49: -3 | W49: -4 | X49: -6 | Y49: NO
A50: TCPMHI-0150LFC | B50: ST | C50: ST-HORIZ-IND | D50: IND | E50: VIDEI001 | F50: 8 | G50: 1 | H50: 9 | I50: 3 | K50: 12 | M50: -7 | N50: -10 | O50: -10 | P50: -23 | Q50: -5 | R50: -7 | S50: -8 | T50: -23 | U50: -6 | V50: -8 | W50: -10 | X50: -18 | Y50: NO | Z50: 37,54% | AA50: 8632553
A51: TCPMHI-0200NFC | B51: ST | C51: ST-HORIZ-IND | D51: IND | E51: VIDEI001 | F51: 12 | H51: 12 | K51: 12 | N51: 1 | O51: -2 | P51: -7 | T51: -3 | U51: -2 | V51: -3 | W51: -2 | X51: -5 | Y51: NO | Z51: 28,11% | AA51: 896698
A52: TCPMV3-0250HGC | B52: ST | C52: ST-HP-TRIPLE | D52: TRIPLE | E52: VIDEI001 | F52: 11 | G52: 0 | H52: 11 | I52: 1 | K52: 12 | O52: -1 | P52: -8 | R52: -1 | S52: -3 | T52: -8 | U52: -1 | V52: -4 | W52: -4 | X52: -5 | Y52: NO | Z52: 29,05% | AA52: 1364942
A53: TCPMVH-0250LFC | B53: ST | C53: ST-HP | D53: HP | E53: VIDEI001 | F53: 12 | H53: 12 | I53: 3 | J53: -3 | K53: 12 | M53: -14 | N53: -17 | O53: -28 | P53: -40 | Q53: -7 | R53: -11 | S53: -10 | T53: -15 | U53: -5 | V53: -7 | W53: -9 | X53: -20 | Y53: NO | Z53: 25,75% | AA53: 1095644
A54: TCLMVJ-20090FC | B54: ST | C54: ST-TOT | D54: TOT | E54: VIDEI001 | F54: 11 | H54: 11 | K54: 11 | M54: -2 | N54: -3 | O54: -3 | P54: -12 | Q54: -2 | R54: -5 | S54: -7 | T54: -18 | U54: -4 | V54: -9 | W54: -10 | X54: -10 | Y54: NO | Z54: 34,19% | AA54: 2156916
A55: TCPMVD-0250NFD | B55: ST | C55: ST-DIRECT | D55: DIRECT | E55: VIDEI001 | F55: 11 | H55: 11 | K55: 11 | O55: -1 | P55: -8 | S55: -3 | T55: -6 | U55: 0 | V55: -2 | W55: -2 | X55: -3 | Y55: NO | Z55: 37,09% | AA55: 925717
A56: TCPMVI-0125LFA | B56: ST | C56: ST-INDIRECT | D56: INDIRECT | E56: VIDEI001 | F56: 11 | H56: 11 | K56: 11 | O56: -4 | P56: -10 | Q56: -3 | R56: -5 | S56: -7 | T56: -9 | U56: -1 | V56: -1 | W56: -2 | X56: -3 | Y56: NO | Z56: 27,73% | AA56: 6792806
A57: TCPMVD-0125LFC | B57: ST | C57: ST-DIRECT | D57: DIRECT | E57: VIDEI001 | F57: 10 | H57: 10 | K57: 10 | M57: -1 | N57: -1 | O57: -2 | P57: -9 | R57: -1 | S57: -1 | T57: -3 | U57: -1 | V57: -1 | W57: -1 | X57: -3 | Y57: NO | Z57: 34,53% | AA57: 7052818
A58: TCPMVI-0080WH | B58: ST | C58: ST-INDIRECT-HANG | D58: HANG | E58: VIDEI001 | F58: 2 | G58: 1 | H58: 3 | I58: 8 | J58: -1 | K58: 10 | M58: -5 | N58: -7 | O58: -9 | P58: -12 | R58: -3 | S58: -3 | T58: -6 | U58: -3 | V58: -4 | W58: -5 | X58: -5 | Y58: NO | Z58: 27,95% | AA58: 5527492
A59: TCPMVS-0250LFB | B59: ST | C59: ST-TWIN-SOLAR | D59: SOLAR | E59: VIDEI001 | F59: 5 | H59: 5 | I59: 5 | K59: 10 | M59: -2 | N59: -4 | O59: -5 | P59: -10 | Q59: -2 | R59: -2 | S59: -7 | T59: -10 | U59: -2 | V59: -4 | W59: -5 | X59: -8 | Y59: NO | Z59: 30,01% | AA59: 9799149
A60: BBSSH-00200NFC | B60: ST | C60: ST-BUFFER-HP | D60: HP | E60: VIDEI001 | F60: 9 | H60: 9 | K60: 9 | M60: -1 | N60: -3 | O60: -3 | P60: -10 | Q60: -2 | R60: -1 | S60: -1 | T60: -3 | U60: -1 | V60: -2 | W60: -3 | X60: -5 | Y60: NO | Z60: 24,88% | AA60: 8862493
A61: TCPMVD-0100LFC | B61: ST | C61: ST-DIRECT | D61: DIRECT | E61: VIDEI001 | F61: 9 | H61: 9 | K61: 9 | N61: -1 | O61: -5 | P61: -9 | Q61: -2 | R61: -2 | S61: -3 | T61: -6 | U61: -1 | V61: -2 | W61: -3 | X61: -4 | Y61: NO | Z61: 28,97% | AA61: 5151839
A62: TCPMVD-0400LFD | B62: ST | C62: ST-DIRECT | D62: DIRECT | E62: VIDEI001 | F62: 9 | H62: 9 | K62: 9 | O62: -1 | P62: -5 | Q62: -6 | R62: -7 | S62: -10 | T62: -10 | V62: -11 | W62: -43 | X62: -43 | Y62: NO | Z62: 34,81% | AA62: 1346,23
A63: BBSSH-00500NFC | B63: ST | C63: ST-BUFFER-HP | D63: HP | E63: VIDEI001 | F63: 4 | H63: 4 | I63: 4 | K63: 8 | M63: -3 | N63: -4 | O63: -5 | P63: -9 | Q63: -3 | R63: -3 | S63: -7 | T63: -10 | V63: -5 | W63: -5 | X63: -8 | Y63: NO | Z63: 25,67% | AA63: 1483627
A64: TCPMV3-0200NFC | B64: ST | C64: ST-TRIPLE | D64: TRIPLE | E64: VIDEI001 | F64: 8 | H64: 8 | K64: 8 | M64: -1 | N64: -1 | O64: -1 | P64: -2 | R64: -1 | S64: -2 | T64: -2 | V64: -2 | W64: -2 | X64: -5 | Y64: NO | Z64: 33,09% | AA64: 1163112
A65: TCPMVI-0250LFB | B65: ST | C65: ST-INDIRECT | D65: INDIRECT | E65: VIDEI001 | F65: 8 | H65: 8 | K65: 8 | P65: -4 | Q65: -2 | R65: -2 | S65: -2 | T65: -6 | U65: -1 | V65: -2 | W65: -2 | X65: -4 | Y65: NO
A66: TCPMVI-0400LFC | B66: ST | C66: ST-INDIRECT | D66: INDIRECT | E66: VIDEI001 | F66: 8 | H66: 8 | K66: 8 | M66: -2 | N66: -2 | O66: -5 | P66: -9 | Q66: -8 | R66: -10 | S66: -11 | T66: -21 | V66: -1 | W66: -1 | X66: -8 | Y66: NO | Z66: 23,72% | AA66: 8958538
A67: TCPMV3-0400HGC | B67: ST | C67: ST-HP-TRIPLE | D67: TRIPLE | E67: VIDEI001 | F67: 7 | H67: 7 | K67: 7 | M67: -2 | N67: -2 | O67: -2 | P67: -4 | R67: -2 | S67: -4 | T67: -9 | U67: -3 | V67: -5 | W67: -5 | X67: -8 | Y67: NO | Z67: 21,11% | AA67: 1297741
A68: TCPMV3-0400LFC | B68: ST | C68: ST-TRIPLE | D68: TRIPLE | E68: VIDEI001 | F68: 6 | H68: 6 | I68: 1 | K68: 7 | N68: -1 | O68: -1 | P68: -5 | Q68: -1 | R68: -1 | S68: -4 | T68: -4 | X68: -1 | Y68: NO | Z68: 25,96% | AA68: 1201016
A69: TCPMHS-0300NFC | B69: ST | C69: ST-HORIZ-TWIN | D69: TWIN | E69: VIDEI001 | F69: 6 | H69: 6 | K69: 6 | O69: -1 | P69: -4 | Q69: -1 | R69: -1 | S69: -1 | T69: -3 | U69: -1 | V69: -1 | W69: -1 | X69: -3 | Y69: NO | Z69: 35,99% | AA69: 1649,12
A70: TCSMVS-00300FC | B70: ST | C70: ST-THERM-2.0. | D70: 2.0. | E70: VIDEI001 | F70: 2 | H70: 2 | I70: 4 | K70: 6 | M70: -1 | N70: -3 | O70: -4 | P70: -6 | T70: -3 | U70: -1 | V70: -2 | W70: -2 | X70: -3 | Y70: NO | Z70: 16,68% | AA70: 8727612
A71: BBSSH-00100NFC | B71: ST | C71: ST-BUFFER-HP | D71: HP | E71: VIDEI001 | F71: 5 | H71: 5 | K71: 5 | M71: -2 | N71: -3 | O71: -4 | P71: -9 | Q71: -1 | R71: -1 | S71: -3 | T71: -4 | U71: -2 | V71: -5 | W71: -5 | X71: -7 | Y71: NO | Z71: 27,06% | AA71: 5597735
A72: TCPMHI-0300NFC | B72: ST | C72: ST-HORIZ-IND | D72: IND | E72: VIDEI001 | F72: 5 | H72: 5 | K72: 5 | M72: -1 | N72: -2 | O72: -3 | P72: -7 | Q72: -1 | R72: -3 | S72: -3 | T72: -3 | V72: -2 | W72: -2 | X72: -5 | Y72: NO | Z72: 35,99% | AA72: 1424,51
A73: TCPMHS-0150LFC | B73: ST | C73: ST-HORIZ-TWIN | D73: TWIN | E73: VIDEI001 | F73: 5 | H73: 5 | K73: 5 | M73: -1 | N73: -1 | O73: -1 | P73: -4 | Q73: -2 | R73: -2 | S73: -3 | T73: -5 | U73: -1 | V73: -3 | W73: -4 | X73: -3 | Y73: NO | Z73: 29,64% | AA73: 736,41
A74: TCPMHS-0200NFC | B74: ST | C74: ST-HORIZ-TWIN | D74: TWIN | E74: VIDEI001 | F74: 5 | H74: 5 | K74: 5 | O74: -1 | P74: -2 | Q74: -2 | R74: -2 | S74: -2 | T74: -5 | U74: -1 | V74: -1 | W74: -1 | X74: -3 | Y74: NO | Z74: 28,29% | AA74: 1033782
A75: TCPMVD-0500LFD | B75: ST | C75: ST-DIRECT | D75: DIRECT | E75: VIDEI001 | F75: 0 | G75: 0 | H75: 0 | I75: 5 | K75: 5 | M75: -6 | N75: -9 | O75: -12 | P75: -19 | Q75: -7 | R75: -11 | S75: -12 | T75: -18 | U75: -4 | V75: -7 | W75: -10 | X75: -19 | Y75: NO | Z75: 37,11% | AA75: 1650145
A76: TCSMVS-00500FC | B76: ST | C76: ST-THERM-2.0. | D76: 2.0. | E76: VIDEI001 | F76: 3 | G76: 0 | H76: 3 | I76: 2 | K76: 5 | M76: -2 | N76: -2 | O76: -3 | P76: -7 | Q76: -2 | R76: -3 | S76: -4 | T76: -5 | U76: -2 | V76: -4 | W76: -5 | X76: -7 | Y76: NO | Z76: 20,79% | AA76: 1485432
A77: BBSSH-00400NFC | B77: ST | C77: ST-BUFFER-HP | D77: HP | E77: VIDEI001 | F77: 4 | H77: 4 | K77: 4 | T77: -1 | U77: -1 | V77: -1 | W77: -1 | X77: -1 | Y77: NO
A78: TCPMV3-0250NFC | B78: ST | C78: ST-TRIPLE | D78: TRIPLE | E78: VIDEI001 | F78: 4 | H78: 4 | K78: 4 | R78: -1 | S78: -1 | T78: -1 | V78: -2 | W78: -3 | X78: -4 | Y78: NO
A79: TCPMV3-0500HGC | B79: ST | C79: ST-HP-TRIPLE | D79: TRIPLE | E79: VIDEI001 | F79: 4 | H79: 4 | K79: 4 | S79: -2 | T79: -2 | U79: -2 | V79: -2 | W79: -2 | X79: -2 | Y79: NO
A80: TCSMVS-00400FC | B80: ST | C80: ST-THERM-2.0. | D80: 2.0. | E80: VIDEI001 | F80: 0 | H80: 0 | I80: 4 | K80: 4 | N80: -1 | O80: -2 | P80: -3 | Q80: -1 | R80: -1 | S80: -1 | T80: -1 | U80: -1 | V80: 0 | W80: 0 | X80: 0 | Y80: NO | Z80: 15,41% | AA80: 1026,31
A81: TCPMV3-0500LFC | B81: ST | C81: ST-TRIPLE | D81: TRIPLE | E81: VIDEI001 | F81: 3 | H81: 3 | K81: 3 | M81: -1 | N81: -1 | O81: -2 | P81: -3 | Q81: -1 | R81: -1 | S81: -3 | T81: -6 | U81: -1 | V81: -1 | W81: -1 | X81: -2 | Y81: NO | Z81: 35,68% | AA81: 2152807
A82: TCPMVD-S360NFD | B82: ST | C82: ST-SPECIAL | D82: SPECIAL | E82: VIDEI001 | F82: 3 | G82: 0 | H82: 3 | K82: 3 | U82: 3 | V82: 3 | W82: 3 | X82: 3 | Y82: NO
A83: TCSMVS-00200FC | B83: ST | C83: ST-THERM-2.0. | D83: 2.0. | E83: VIDEI001 | F83: 3 | H83: 3 | K83: 3 | P83: -1 | Q83: -1 | R83: -1 | S83: -2 | T83: -2 | U83: -1 | V83: -1 | W83: -1 | X83: -2 | Y83: NO
A84: TCSMVS-00250FC | B84: ST | C84: ST-THERM-2.0. | D84: 2.0. | E84: VIDEI001 | F84: 3 | H84: 3 | K84: 3 | T84: -1 | X84: -1 | Y84: NO
A85: TCPMHI-0250NFC | B85: ST | C85: ST-HORIZ-IND | D85: IND | E85: VIDEI001 | F85: 1 | G85: 1 | H85: 2 | K85: 2 | M85: -1 | N85: -1 | O85: -2 | P85: -2 | R85: -1 | S85: -1 | T85: -4 | W85: -1 | X85: -2 | Y85: NO | Z85: 39,19% | AA85: 1539381
A86: TCPMHS-0250NFC | B86: ST | C86: ST-HORIZ-TWIN | D86: TWIN | E86: VIDEI001 | F86: 2 | H86: 2 | K86: 2 | P86: -1 | Q86: -1 | R86: -1 | S86: -1 | T86: -3 | Y86: NO
A87: BBSSD-00600NFC | B87: ST | C87: ST-SPECIAL | D87: SPECIAL | E87: VIDEI001 | F87: 0 | H87: 0 | I87: 1 | K87: 1 | Y87: NO
A88: BBSSI-00600NFC | B88: ST | C88: ST-BUFFER | D88: BUFFER | E88: VIDEI001 | I88: 1 | K88: 1 | Y88: NO
A89: BBSSI-S750V1 | B89: ST | C89: ST-SPECIAL | D89: SPECIAL | I89: 1 | K89: 1 | Y89: NO
A90: BBSSS-00600NFC | B90: ST | C90: ST-BUFFER | D90: BUFFER | I90: 1 | K90: 1 | Y90: NO
A91: TCPMHS-0500LFC | B91: ST | C91: ST-HORIZ-TWIN | D91: TWIN | E91: VIDEI001 | F91: 1 | H91: 1 | K91: 1 | P91: -1 | Y91: NO
A92: TCPMVD-S360V1 | B92: ST | C92: ST-SPECIAL | D92: SPECIAL | E92: VIDEI001 | G92: 1 | H92: 1 | K92: 1 | Y92: NO
A93: TCPMVI-S500V1 | B93: ST | C93: ST-SPECIAL | D93: SPECIAL | E93: VIDEI001 | F93: 0 | G93: 1 | H93: 1 | K93: 1 | T93: 0 | Y93: NO
A94: TCPMVS-260DHWC | B94: ST | C94: ST-TWIN-SOLAR | D94: SOLAR | E94: VIDEI001 | F94: 1 | H94: 1 | K94: 1 | Y94: NO
A95: BBBSSI-S00200V1 | B95: ST | C95: ST-SPECIAL | D95: SPECIAL | E95: VIDEI001 | F95: 0 | H95: 0 | K95: 0 | N95: -1 | O95: -1 | P95: -1 | Y95: NO | Z95: 28,56% | AA95: 773,82
A96: BBSSD-00090NFC | B96: ST | C96: ST-BUFFER | D96: BUFFER | E96: VIDEI001 | F96: 0 | G96: 0 | H96: 0 | K96: 0 | Q96: -5 | R96: -4 | S96: -24 | T96: -31 | U96: -1 | V96: -1 | W96: -1 | X96: -1 | Y96: YES
A97: BBSSD-01000NFC | B97: ST | C97: ST-BUFFER | D97: BUFFER | E97: VIDEI001 | F97: 0 | H97: 0 | K97: 0 | P97: -1 | Y97: NO
A98: BBSSDE-00100NFC | B98: ST | C98: ST-BUFFER-OEM | D98: OEM | E98: VIDEI001 | F98: 0 | H98: 0 | K98: 0 | Y98: YES
A99: BBSSDN-00200NFC | B99: ST | C99: ST-BUFFER-OEM | D99: OEM | E99: VIDEI001 | F99: 0 | H99: 0 | K99: 0 | Y99: YES
A100: BBSSD-S00090V1 | B100: ST | C100: ST-SPECIAL | D100: SPECIAL | E100: VIDEI001 | F100: 0 | H100: 0 | K100: 0 | Y100: YES
...

Sheet POR PL
A1: Document No_ | B1: Vendor No_ | C1: No_ | D1: POR Quantity | E1: Qty to Receive | F1: Expected Receipt Date | G1: Order date | I1: Delivery Date
A3: POR-PL001923 | B3: VIDEI001 | C3: BBSSD-00600NFC | D3: 1 | E3: 1 | F3: 46241 | G3: Week 28 | I3: Week 40 | J3: CNEU 4676024 | L3: Packing list
A4: POR-PL001923 | B4: VIDEI001 | C4: BBSSI-00600NFC | D4: 1 | E4: 1 | F4: 46241 | G4: Week 28 | I4: Week 40 | J4: CNEU 4676024 | L4: Shipped
A5: POR-PL001923 | B5: VIDEI001 | C5: BBSSS-00600NFC | D5: 1 | E5: 1 | F5: 46241 | G5: Week 28 | I5: Week 40 | J5: CNEU 4676024 | L5: Missing
K8: POR-PL001929 | L8: VIDEI001 | M8: TCPMVS-0200LFD | N8: 1 | O8: 1 | P8: 46241 | Q8: week 28 | S8: week 32
A9: POR-PL001929 | B9: VIDEI001 | C9: BBSSD-00200NFC | D9: 0 | E9: 4 | F9: 46241 | G9: week 28 | I9: week 32 | J9: CNEU 4674269
A10: POR-PL001929 | B10: VIDEI001 | C10: BBSSD-00200NFC | D10: 0 | E10: 3 | F10: 46241 | G10: week 28 | I10: week 32
A11: POR-PL001929 | B11: VIDEI001 | C11: TCPMVI-0150WH | D11: 1 | E11: 1 | F11: 46241 | G11: week 28 | I11: week 32 | K11: =E10+E11+E12+E13+E15+E16+E17+E19+E20+E21+E22+E23+E25+E27+E29+E35+E36+E37+E39+E41+E44+E47+E50+E51+E52+E53+E54+E55+E59+E67+E80+E82+N8+E33 -> 65
A12: POR-PL001929 | B12: VIDEI001 | C12: TCPMVI-0300LFD | D12: 1 | E12: 1 | F12: 46241 | G12: week 28 | I12: week 32
A13: POR-PL001929 | B13: VIDEI001 | C13: TCPMVS-0200LFD | D13: 1 | E13: 1 | F13: 46241 | G13: week 28 | I13: week 32
A15: POR-PL001933 | B15: VIDEI001 | C15: TCPMVG-0200LFC | D15: 1 | E15: 1 | F15: 46248 | G15: week 29 | I15: week 33
A16: POR-PL001933 | B16: VIDEI001 | C16: TCPMVI-0125TLC | D16: 1 | E16: 1 | F16: 46248 | G16: week 29 | I16: week 33
A17: POR-PL001933 | B17: VIDEI001 | C17: TCPMVI-0150LFB | D17: 1 | E17: 1 | F17: 46248 | G17: week 29 | I17: week 33
A19: POR-PL001940 | B19: VIDEI001 | C19: TCPMHI-0150LFC | D19: 2 | E19: 2 | F19: 46255 | G19: Week 30 | I19: week 34
A20: POR-PL001940 | B20: VIDEI001 | C20: TCPMVI-0100WH | D20: 3 | E20: 3 | F20: 46255 | G20: Week 30 | I20: week 34
A21: POR-PL001940 | B21: VIDEI001 | C21: TCPMVI-0125LFB | D21: 1 | E21: 1 | F21: 46255 | G21: Week 30 | I21: week 34
A22: POR-PL001940 | B22: VIDEI001 | C22: TCPMVI-0125WH | D22: 4 | E22: 4 | F22: 46255 | G22: Week 30 | I22: week 34
A23: POR-PL001940 | B23: VIDEI001 | C23: TCPMVI-0150WH | D23: 3 | E23: 3 | F23: 46255 | G23: Week 30 | I23: week 34
A25: POR-PL001941 | B25: VIDEI001 | C25: TCPMVS-0300LFD | D25: 1 | E25: 1 | F25: 46255 | G25: Week 30 | I25: week 34
A27: POR-PL001947 | B27: VIDEI001 | C27: TCPMVG-0300NFC | D27: 1 | E27: 1 | F27: 46262 | G27: Week 31 | I27: week 35
A29: POR-PL001948 | B29: VIDEI001 | C29: TCPMVI-0200LFB | D29: 3 | E29: 3 | F29: 46262 | G29: Week 31 | I29: week 35
A33: POR-PL001963 | B33: VIDEI001 | C33: TCSMVS-00400FC | D33: 1 | E33: 1 | F33: 46276 | I33: week 37
A35: POR-PL001965 | B35: VIDEI001 | C35: TCPMVI-0300LFD | D35: 1 | E35: 1 | F35: 46297 | G35: Week 36 | I35: Week 39
A36: POR-PL001965 | B36: VIDEI001 | C36: TCPMVS-0300LFD | D36: 2 | E36: 2 | F36: 46297 | G36: Week 36 | I36: Week 39
A37: POR-PL001965 | B37: VIDEI001 | C37: TCPMVS-0300NFC | D37: 1 | E37: 1 | F37: 46297 | G37: Week 36 | I37: Week 39
A39: POR-PL001966 | B39: VIDEI001 | C39: TCSMVS-00500FC | D39: 1 | E39: 1 | F39: 46297 | G39: Week 36 | I39: Week 39
D40: =SUM(E1:E39) -> 40
A41: POR-PL001967 | B41: VIDEI001 | C41: TCPMVS-0200LFB | D41: 2 | E41: 2 | F41: 46304 | G41: Week 37 | I41: Week 41 | J41: ISKO DIRECT
A43: POR-PL001968 | B43: VIDEI001 | C43: TCPMVG-0300NFC | D43: 39 | E43: 37 | F43: 46304 | G43: Week 37 | I43: Week 41 | J43: CNEU 4676024
A44: POR-PL001968 | B44: VIDEI001 | C44: TCPMVG-0300NFC | D44: 0 | E44: 2 | F44: 46304 | G44: Week 37 | I44: Week 41
A45: POR-PL001968 | B45: VIDEI001 | C45: TCPMVH-0300NFC | D45: 12 | E45: 12 | F45: 46304 | G45: Week 37 | I45: Week 41 | J45: CNEU 4676024
A46: POR-PL001968 | B46: VIDEI001 | C46: TCPMVS-0200NFC | D46: 6 | E46: 5 | F46: 46304 | G46: Week 37 | I46: Week 41 | J46: CNEU 4676024
A47: POR-PL001968 | B47: VIDEI001 | C47: TCPMVS-0200NFC | D47: 0 | E47: 1 | F47: 46304 | G47: Week 37 | I47: Week 41
A48: POR-PL001968 | B48: VIDEI001 | C48: TCPMVS-0300NFC | D48: 3 | E48: 3 | F48: 46304 | G48: Week 37 | I48: Week 41 | J48: CNEU 4676024
I49: Week 41
A50: POR-PL001969 | B50: VIDEI001 | C50: DCEMVS-000210L | D50: 8 | E50: 8 | F50: 46304 | G50: Week 37 | I50: Week 41
A51: POR-PL001969 | B51: VIDEI001 | C51: TCPMVH-0300LFD | D51: 6 | E51: 6 | F51: 46304 | G51: Week 37 | I51: Week 41
A52: POR-PL001969 | B52: VIDEI001 | C52: TCPMVI-0150WH | D52: 1 | E52: 1 | F52: 46304 | G52: Week 37 | I52: Week 41
A53: POR-PL001969 | B53: VIDEI001 | C53: TCPMVS-0250LFB | D53: 1 | E53: 1 | F53: 46304 | G53: Week 37 | I53: Week 41
A54: POR-PL001969 | B54: VIDEI001 | C54: TCPMVS-0300LFD | D54: 2 | E54: 2 | F54: 46304 | G54: Week 37 | I54: Week 41
A55: POR-PL001969 | B55: VIDEI001 | C55: TCSMVS-00400FC | D55: 1 | E55: 1 | F55: 46304 | G55: Week 37 | I55: Week 41
B56: 64 | C56: 134 | D56: =SUM(E41:E55) -> 81
A57: POR-PL001907 | B57: VIDEI001 | C57: TCPMVI-S750V2 | D57: 1 | E57: 1 | F57: 46248 | G57: Week 38 | I57: Week 42 | J57: CNEU 4674269
A59: POR-PL001970 | B59: VIDEI001 | C59: TCPMVGT-0200LFC | D59: 4 | E59: 4 | F59: 46311 | G59: Week 38 | I59: Week 42
A60: POR-PL001970 | B60: VIDEI001 | C60: TCPMVGT-0300NFC | D60: 10 | E60: 10 | F60: 46311 | G60: Week 38 | I60: Week 42 | J60: CNEU 4674269
A61: POR-PL001970 | B61: VIDEI001 | C61: TCPMVGT-0500LFC | D61: 2 | E61: 2 | F61: 46311 | G61: Week 38 | I61: Week 42 | J61: CNEU 4674269
A62: POR-PL001970 | B62: VIDEI001 | C62: TCPMVHT-0500LFC | D62: 1 | E62: 1 | F62: 46311 | G62: Week 38 | I62: Week 42 | J62: CNEU 4674269
A64: POR-PL001971 | B64: VIDEI001 | C64: BBSSD-00090WH | D64: 2 | E64: 2 | F64: 46311 | G64: Week 38 | I64: Week 42 | J64: CNEU 4674269
A65: POR-PL001971 | B65: VIDEI001 | C65: BBSSD-00500NFC | D65: 9 | E65: 9 | F65: 46311 | G65: Week 38 | I65: Week 42 | J65: CNEU 4674269
A66: POR-PL001971 | B66: VIDEI001 | C66: TCPMV3-0300NFC | D66: 1 | E66: 1 | F66: 46311 | G66: Week 38 | I66: Week 42 | J66: CNEU 4674269
A67: POR-PL001971 | B67: VIDEI001 | C67: TCPMV3-0400LFC | D67: 1 | E67: 1 | F67: 46311 | G67: Week 38 | I67: Week 42
A68: POR-PL001971 | B68: VIDEI001 | C68: TCPMVD-0150LFC | D68: 4 | E68: 4 | F68: 46311 | G68: Week 38 | I68: Week 42 | J68: CNEU 4674269
A69: POR-PL001971 | B69: VIDEI001 | C69: TCPMVD-0500LFD | D69: 3 | E69: 3 | F69: 46311 | G69: Week 38 | I69: Week 42 | J69: CNEU 4674269
A70: POR-PL001971 | B70: VIDEI001 | C70: TCPMVG-0250LFC | D70: 2 | E70: 2 | F70: 46311 | G70: Week 38 | I70: Week 42 | J70: CNEU 4674269
A71: POR-PL001971 | B71: VIDEI001 | C71: TCPMVG-0300NFC | D71: 5 | E71: 5 | F71: 46311 | G71: Week 38 | I71: Week 42 | J71: CNEU 4674269
A72: POR-PL001971 | B72: VIDEI001 | C72: TCPMVH-0300NFC | D72: 2 | E72: 2 | F72: 46311 | G72: Week 38 | I72: Week 42 | J72: CNEU 4674269
A73: POR-PL001971 | B73: VIDEI001 | C73: TCPMVI-0080WH | D73: 2 | E73: 2 | F73: 46311 | G73: Week 38 | I73: Week 42 | J73: CNEU 4674269
A74: POR-PL001971 | B74: VIDEI001 | C74: TCPMVI-0150LFA | D74: 2 | E74: 2 | F74: 46311 | G74: Week 38 | I74: Week 42 | J74: CNEU 4674269
A75: POR-PL001971 | B75: VIDEI001 | C75: TCPMVI-0150TLC | D75: 1 | E75: 1 | F75: 46311 | G75: Week 38 | I75: Week 42 | J75: CNEU 4674269
A76: POR-PL001971 | B76: VIDEI001 | C76: TCPMVI-0150WH | D76: 1 | E76: 1 | F76: 46311 | G76: Week 38 | I76: Week 42 | J76: CNEU 4674269
A77: POR-PL001971 | B77: VIDEI001 | C77: TCPMVI-0300LFD | D77: 2 | E77: 2 | F77: 46311 | G77: Week 38 | I77: Week 42 | J77: CNEU 4674269
A78: POR-PL001971 | B78: VIDEI001 | C78: TCPMVS-0250LFB | D78: 1 | E78: 1 | F78: 46311 | G78: Week 38 | I78: Week 42 | J78: CNEU 4674269
A79: POR-PL001971 | B79: VIDEI001 | C79: TCPMVS-0300NFC | D79: 2 | E79: 2 | F79: 46311 | G79: Week 38 | I79: Week 42 | J79: CNEU 4674269
A80: POR-PL001971 | B80: VIDEI001 | C80: TCSMVS-00300FC | D80: 1 | E80: 1 | F80: 46311 | G80: Week 38 | I80: Week 42
A82: POR-PL001971 | B82: VIDEI001 | C82: TCSMVS-00400FC | D82: 0 | E82: 1 | F82: 46311 | G82: Week 38 | I82: Week 42
D83: =SUM(E57:E81) -> 59
A84: POR-PL001972 | B84: VIDEI001 | C84: Zbiornik pokazowy | D84: 1 | E84: 1 | F84: 46318 | G84: Week 39 | I84: Week 43
A86: POR-PL001973 | B86: VIDEI001 | C86: BBSSD-00500NFC | D86: 8 | E86: 8 | F86: 46318 | G86: Week 39 | I86: Week 43
A87: POR-PL001973 | B87: VIDEI001 | C87: TCPMV3-0300NFC | D87: 2 | E87: 2 | F87: 46318 | G87: Week 39 | I87: Week 43
A88: POR-PL001973 | B88: VIDEI001 | C88: TCPMVD-0150LFC | D88: 4 | E88: 4 | F88: 46318 | G88: Week 39 | I88: Week 43
A89: POR-PL001973 | B89: VIDEI001 | C89: TCPMVD-0200NFD | D89: 4 | E89: 4 | F89: 46318 | G89: Week 39 | I89: Week 43
A90: POR-PL001973 | B90: VIDEI001 | C90: TCPMVD-0500LFD | D90: 1 | E90: 1 | F90: 46318 | G90: Week 39 | I90: Week 43
A91: POR-PL001973 | B91: VIDEI001 | C91: TCPMVG-0250LFC | D91: 2 | E91: 2 | F91: 46318 | G91: Week 39 | I91: Week 43
A92: POR-PL001973 | B92: VIDEI001 | C92: TCPMVG-0300NFC | D92: 15 | E92: 15 | F92: 46318 | G92: Week 39 | I92: Week 43
A93: POR-PL001973 | B93: VIDEI001 | C93: TCPMVG-0500LFC | D93: 2 | E93: 2 | F93: 46318 | G93: Week 39 | I93: Week 43
A94: POR-PL001973 | B94: VIDEI001 | C94: TCPMVI-0080WH | D94: 2 | E94: 2 | F94: 46318 | G94: Week 39 | I94: Week 43
A95: POR-PL001973 | B95: VIDEI001 | C95: TCPMVI-0150TLC | D95: 2 | E95: 2 | F95: 46318 | G95: Week 39 | I95: Week 43
A96: POR-PL001973 | B96: VIDEI001 | C96: TCPMVI-0250NFC | D96: 2 | E96: 2 | F96: 46318 | G96: Week 39 | I96: Week 43
... A102: POR-PL001973 | B102: VIDEI001 | C102: TCSMVS-00300FC | D102: 2 | E102: 2 | F102: 46318 | G102: Week 39 | I102: Week 43
D103: =SUM(E84:E102) -> 62
A104: POR-PL001976 | B104: VIDEI001 | C104: BBSSD-00200NFC | D104: 3 | E104: 3 | F104: 46325 | G104: Week 40 | I104: Week 44 | J104: BIMS DIRECT should be shipped 28-04 Sep or early next week
A105: POR-PL001976 | B105: VIDEI001 | C105: TCPMVG-0300NFC | D105: 15 | E105: 15 | F105: 46325 | G105: Week 40 | I105: Week 44 | J105: BIMS DIRECT should be shipped 28-04 Sep or early next week
A106: POR-PL001976 | B106: VIDEI001 | C106: TCPMVH-0200LFC | D106: 8 | E106: 8 | F106: 46325 | G106: Week 40 | I106: Week 44 | J106: BIMS DIRECT should be shipped 28-04 Sep or early next week
A107: POR-PL001976 | B107: VIDEI001 | C107: TCPMVH-0300NFC | D107: 30 | E107: 30 | F107: 46325 | G107: Week 40 | I107: Week 44 | J107: BIMS DIRECT should be shipped 28-04 Sep or early next week
A108: POR-PL001976 | B108: VIDEI001 | C108: TCPMVH-0500LFC | D108: 1 | E108: 1 | F108: 46325 | G108: Week 40 | I108: Week 44 | J108: BIMS DIRECT should be shipped 28-04 Sep or early next week
A109: POR-PL001976 | B109: VIDEI001 | C109: TCPMVI-0125LFB | D109: 2 | E109: 2 | F109: 46325 | G109: Week 40 | I109: Week 44 | J109: BIMS DIRECT should be shipped 28-04 Sep or early next week
A110: POR-PL001976 | B110: VIDEI001 | C110: TCPMVI-0200NFC | D110: 2 | E110: 2 | F110: 46325 | G110: Week 40 | I110: Week 44 | J110: BIMS DIRECT should be shipped 28-04 Sep or early next week
A111: POR-PL001976 | B111: VIDEI001 | C111: TCPMVS-0300NFC | D111: 3 | E111: 3 | F111: 46325 | G111: Week 40 | I111: Week 44 | J111: BIMS DIRECT should be shipped 28-04 Sep or early next week
D112: =SUM(E104:E111) -> 64
A114: POR-PL001978 | B114: VIDEI001 | C114: BBSSD-00090WH | D114: 1 | E114: 1 | F114: 46332 | G114: Week 41 | I114: Week 45 | J114: will be shipped 05-11 October
A115: POR-PL001978 | B115: VIDEI001 | C115: BBSSH-00500NFC | D115: 4 | E115: 4 | F115: 46332 | G115: Week 41 | I115: Week 45 | J115: will be shipped 05-11 October
A116: POR-PL001978 | B116: VIDEI001 | C116: TCPMHI-0150LFC | D116: 1 | E116: 1 | F116: 46332 | G116: Week 41 | I116: Week 45 | J116: will be shipped 05-11 October
A117: POR-PL001978 | B117: VIDEI001 | C117: TCPMV3-0250HGC | D117: 1 | E117: 1 | F117: 46332 | G117: Week 41 | I117: Week 45 | J117: will be shipped 05-11 October
A118: POR-PL001978 | B118: VIDEI001 | C118: TCPMV3-0300HGC | D118: 2 | E118: 2 | F118: 46332 | G118: Week 41 | I118: Week 45 | J118: will be shipped 05-11 October
A119: POR-PL001978 | B119: VIDEI001 | C119: TCPMVD-0150LFC | D119: 1 | E119: 1 | F119: 46332 | G119: Week 41 | I119: Week 45 | J119: will be shipped 05-11 October
A120: POR-PL001978 | B120: VIDEI001 | C120: TCPMVG-0250LFC | D120: 2 | E120: 2 | F120: 46332 | G120: Week 41 | I120: Week 45 | J120: will be shipped 05-11 October
A121: POR-PL001978 | B121: VIDEI001 | C121: TCPMVG-0500LFC | D121: 3 | E121: 3 | F121: 46332 | G121: Week 41 | I121: Week 45 | J121: will be shipped 05-11 October
A122: POR-PL001978 | B122: VIDEI001 | C122: TCPMVH-0200LFC | D122: 4 | E122: 4 | F122: 46332 | G122: Week 41 | I122: Week 45 | J122: will be shipped 05-11 October
A123: POR-PL001978 | B123: VIDEI001 | C123: TCPMVH-0250LFC | D123: 2 | E123: 2 | F123: 46332 | G123: Week 41 | I123: Week 45 | J123: will be shipped 05-11 October
A124: POR-PL001978 | B124: VIDEI001 | C124: TCPMVH-0300NFC | D124: 3 | E124: 3 | F124: 46332 | G124: Week 41 | I124: Week 45 | J124: will be shipped 05-11 October
...

Sheet POR
A1: Document No_ | B1: Vendor No_ | C1: No_ | D1: POR Quantity | E1: Qty to Receive | F1: Expected Receipt Date | G1: Expected vs Today | H1: Order Date | I1: POR Age
A2: POR-PL001903 | B2: VIDEI001 | C2: TCPMVHT-0200LFC | D2: 10 | E2: 10 | F2: 17.07.2026 | G2: 44 | H2: 26.05.2026 | I2: 8 | J2: Week 25
A4: POR-PL001904 | B4: VIDEI001 | C4: TCPMV3-0300NFC | D4: 2 | E4: 2 | F4: 17.07.2026 | G4: 10 | H4: 29.05.2026 | I4: 39 | J4: Week 25
A5: POR-PL001904 | B5: VIDEI001 | C5: TCPMVG-0250LFC | D5: 2 | E5: 2 | F5: 17.07.2026 | G5: 10 | H5: 29.05.2026 | I5: 39 | J5: Week 25
A6: POR-PL001904 | B6: VIDEI001 | C6: TCPMVG-0300NFC | D6: 2 | E6: 2 | F6: 17.07.2026 | G6: 10 | H6: 29.05.2026 | I6: 39 | J6: Week 25
A7: POR-PL001904 | B7: VIDEI001 | C7: TCPMVG-0400LFC | D7: 1 | E7: 1 | F7: 17.07.2026 | G7: 10 | H7: 29.05.2026 | I7: 39 | J7: Week 25
A8: POR-PL001904 | B8: VIDEI001 | C8: TCPMVH-0200LFC | D8: 2 | E8: 2 | F8: 17.07.2026 | G8: 10 | H8: 29.05.2026 | I8: 39 | J8: Week 25
A9: POR-PL001904 | B9: VIDEI001 | C9: TCPMVH-0300NFC | D9: 2 | E9: 2 | F9: 17.07.2026 | G9: 10 | H9: 29.05.2026 | I9: 39 | J9: Week 25
A10: POR-PL001904 | B10: VIDEI001 | C10: TCPMVI-0125LFB | D10: 2 | E10: 2 | F10: 17.07.2026 | G10: 10 | H10: 29.05.2026 | I10: 39 | J10: Week 25
A11: POR-PL001904 | B11: VIDEI001 | C11: TCPMVI-0150LFB | D11: 2 | E11: 2 | F11: 17.07.2026 | G11: 10 | H11: 29.05.2026 | I11: 39 | J11: Week 25
A12: POR-PL001904 | B12: VIDEI001 | C12: TCPMVI-0200NFC | D12: 3 | E12: 3 | F12: 17.07.2026 | G12: 10 | H12: 29.05.2026 | I12: 39 | J12: Week 25
A13: POR-PL001904 | B13: VIDEI001 | C13: TCPMVI-0250NFC | D13: 3 | E13: 3 | F13: 17.07.2026 | G13: 10 | H13: 29.05.2026 | I13: 39 | J13: Week 25
A14: POR-PL001904 | B14: VIDEI001 | C14: TCPMVI-0300LFD | D14: 3 | E14: 3 | F14: 17.07.2026 | G14: 10 | H14: 29.05.2026 | I14: 39 | J14: Week 25
... A26: POR-PL001908 | B26: VIDEI001 | C26: TCLMVJ-25090FCB | D26: 1 | E26: 1 | F26: 17.07.2026 | G26: 44 | H26: 03.06.2026 | I26: 0 | J26: Week 25
A28: POR-PL001909 | B28: VIDEI001 | C28: TCPMVD-S080V1 | D28: 2 | E28: 2 | F28: 17.07.2026 | J28: Week 25
A30: POR-PL001910 | B30: VIDEI001 | C30: BBSSD-00200NFC | D30: 8 | E30: 8 | F30: 17.07.2026 | G30: 10 | H30: 08.06.2026 | I30: 29 | J30: Week 25
A31: POR-PL001910 | B31: VIDEI001 | C31: BBSSD-00500NFC | D31: 2 | E31: 2 | F31: 17.07.2026 | G31: 10 | H31: 08.06.2026 | I31: 29 | J31: Week 25
A32: POR-PL001910 | B32: VIDEI001 | C32: BBSSH-00200NFC | D32: 2 | E32: 2 | F32: 17.07.2026 | G32: 10 | H32: 08.06.2026 | I32: 29 | J32: Week 25
A33: POR-PL001910 | B33: VIDEI001 | C33: TCPMV3-0400LFC | D33: 1 | E33: 1 | F33: 17.07.2026 | G33: 10 | H33: 08.06.2026 | I33: 29 | J33: Week 25
A34: POR-PL001910 | B34: VIDEI001 | C34: TCPMVD-0125LFC | D34: 2 | E34: 2 | F34: 17.07.2026 | G34: 10 | H34: 08.06.2026 | I34: 29 | J34: Week 25
A35: POR-PL001910 | B35: VIDEI001 | C35: TCPMVD-0500LFD | D35: 2 | E35: 2 | F35: 17.07.2026 | G35: 10 | H35: 08.06.2026 | I35: 29 | J35: Week 25
A36: POR-PL001910 | B36: VIDEI001 | C36: TCPMVG-0400LFC | D36: 3 | E36: 3 | F36: 17.07.2026 | G36: 10 | H36: 08.06.2026 | I36: 29 | J36: Week 25
A37: POR-PL001910 | B37: VIDEI001 | C37: TCPMVH-0200LFC | D37: 4 | E37: 4 | F37: 17.07.2026 | G37: 10 | H37: 08.06.2026 | I37: 29 | J37: Week 25
A38: POR-PL001910 | B38: VIDEI001 | C38: TCPMVH-0300LFD | D38: 1 | E38: 1 | F38: 17.07.2026 | G38: 10 | H38: 08.06.2026 | I38: 29 | J38: Week 25
A39: POR-PL001910 | B39: VIDEI001 | C39: TCPMVH-0400LFC | D39: 8 | E39: 8 | F39: 17.07.2026 | G39: 10 | H39: 08.06.2026 | I39: 29 | J39: Week 25
A40: POR-PL001910 | B40: VIDEI001 | C40: TCPMVH-0500LFC | D40: 8 | E40: 8 | F40: 17.07.2026 | G40: 10 | H40: 08.06.2026 | I40: 29 | J40: Week 25
A41: POR-PL001910 | B41: VIDEI001 | C41: TCPMVI-0125LFB | D41: 2 | E41: 2 | F41: 17.07.2026 | G41: 10 | H41: 08.06.2026 | I41: 29 | J41: Week 25
... A62: POR-PL001911 | B62: VIDEI001 | C62: TCPMVS-0300NFC | D62: 5 | E62: 5 | F62: 17.07.2026 | G62: 10 | H62: 08.06.2026 | I62: 29 | J62: Week 25
D63: =SUM(D2:D62) -> 198
A64: POR-PL001912 | B64: VIDEI001 | C64: TCPMVG-S300V1 | D64: 1 | E64: 1 | F64: 24.07.2026 | G64: 44 | H64: 09.06.2026 | I64: 1 | J64: Week 26
A66: POR-PL001913 | B66: VIDEI001 | C66: BBSSD-S0125V1 | D66: 1 | E66: 1 | F66: 24.07.2026 | G66: 44 | H66: 09.06.2026 | I66: 1 | J66: Week 26
A68: POR-PL001917 | B68: VIDEI001 | C68: BBSSD-00090WH | D68: 4 | E68: 4 | F68: 24.07.2026 | G68: 17 | H68: 11.06.2026 | I68: 26 | J68: Week 26
A69: POR-PL001917 | B69: VIDEI001 | C69: BBSSD-00200NFC | D69: 5 | E69: 5 | F69: 24.07.2026 | G69: 17 | H69: 11.06.2026 | I69: 26 | J69: Week 26
A70: POR-PL001917 | B70: VIDEI001 | C70: BBSSD-00500NFC | D70: 2 | E70: 2 | F70: 24.07.2026 | G70: 17 | H70: 11.06.2026 | I70: 26 | J70: Week 26
A71: POR-PL001917 | B71: VIDEI001 | C71: TCPMHI-0150LFC | D71: 1 | E71: 1 | F71: 24.07.2026 | G71: 17 | H71: 11.06.2026 | I71: 26 | J71: Week 26
A72: POR-PL001917 | B72: VIDEI001 | C72: TCPMHS-0150LFC | D72: 1 | E72: 1 | F72: 24.07.2026 | G72: 17 | H72: 11.06.2026 | I72: 26 | J72: Week 26
A73: POR-PL001917 | B73: VIDEI001 | C73: TCPMHS-0200NFC | D73: 1 | E73: 1 | F73: 24.07.2026 | G73: 17 | H73: 11.06.2026 | I73: 26 | J73: Week 26
A74: POR-PL001917 | B74: VIDEI001 | C74: TCPMV3-0400HGC | D74: 1 | E74: 1 | F74: 24.07.2026 | G74: 17 | H74: 11.06.2026 | I74: 26 | J74: Week 26
A75: POR-PL001917 | B75: VIDEI001 | C75: TCPMV3-0400LFC | D75: 1 | E75: 1 | F75: 24.07.2026 | G75: 17 | H75: 11.06.2026 | I75: 26 | J75: Week 26
A76: POR-PL001917 | B76: VIDEI001 | C76: TCPMVD-0125LFC | D76: 1 | E76: 1 | F76: 24.07.2026 | G76: 17 | H76: 11.06.2026 | I76: 26 | J76: Week 26
A77: POR-PL001917 | B77: VIDEI001 | C77: TCPMVD-0150LFC | D77: 1 | E77: 1 | F77: 24.07.2026 | G77: 17 | H77: 11.06.2026 | I77: 26 | J77: Week 26
... A101: POR-PL001918 | B101: VIDEI001 | C101: TCPMVS-0300NFC | D101: 7 | E101: 7 | F101: 24.07.2026 | G101: 17 | H101: 11.06.2026 | I101: 26 | J101: Week 26
D102: =SUM(D64:D101) -> 124
A103: POR-PL001916 | B103: VIDEI001 | C103: TCPMVI-S500V2 | D103: 1 | E103: 1 | F103: 31.07.2026 | G103: 45 | H103: 11.06.2026 | I103: 5 | J103: Wekk 27
A105: POR-PL001919 | B105: VIDEI001 | C105: BBSSD-00300NFC | D105: 4 | E105: 4 | F105: 31.07.2026 | G105: 24 | H105: 19.06.2026 | I105: 18 | J105: Week 27
A106: POR-PL001919 | B106: VIDEI001 | C106: BBSSH-00300NFC | D106: 1 | E106: 1 | F106: 31.07.2026 | G106: 24 | H106: 19.06.2026 | I106: 18 | J106: Week 27
A107: POR-PL001919 | B107: VIDEI001 | C107: TCLMVJ-20090FC | D107: 2 | E107: 2 | F107: 31.07.2026 | G107: 24 | H107: 19.06.2026 | I107: 18 | J107: Week 27
A108: POR-PL001919 | B108: VIDEI001 | C108: TCLMVJ-25090FC | D108: 2 | E108: 2 | F108: 31.07.2026 | G108: 24 | H108: 19.06.2026 | I108: 18 | J108: Week 27
A109: POR-PL001919 | B109: VIDEI001 | C109: TCLMVJ-30090FC | D109: 4 | E109: 4 | F109: 31.07.2026 | G109: 24 | H109: 19.06.2026 | I109: 18 | J109: Week 27
A110: POR-PL001919 | B110: VIDEI001 | C110: TCPMHI-0300NFC | D110: 1 | E110: 1 | F110: 31.07.2026 | G110: 24 | H110: 19.06.2026 | I110: 18 | J110: Week 27
A111: POR-PL001919 | B111: VIDEI001 | C111: TCPMVD-0300NFD | D111: 6 | E111: 6 | F111: 31.07.2026 | G111: 24 | H111: 19.06.2026 | I111: 18 | J111: Week 27
A112: POR-PL001919 | B112: VIDEI001 | C112: TCPMVG-0300NFC | D112: 7 | E112: 7 | F112: 31.07.2026 | G112: 24 | H112: 19.06.2026 | I112: 18 | J112: Week 27
A113: POR-PL001919 | B113: VIDEI001 | C113: TCPMVH-0300NFC | D113: 15 | E113: 15 | F113: 31.07.2026 | G113: 24 | H113: 19.06.2026 | I113: 18 | J113: Week 27
A114: POR-PL001919 | B114: VIDEI001 | C114: TCPMVI-0300NFC | D114: 8 | E114: 8 | F114: 31.07.2026 | G114: 24 | H114: 19.06.2026 | I114: 18 | J114: Week 27
A115: POR-PL001919 | B115: VIDEI001 | C115: TCPMVS-0200NFC | D115: 6 | E115: 6 | F115: 31.07.2026 | G115: 24 | H115: 19.06.2026 | I115: 18 | J115: Week 27
... A155: POR-PL001895 | B155: VIDEI001 | C155: TCPMVI-0250LFB | D155: 1 | E155: 1 | F155: 26.06.2026 | G155: -12 | H155: 25.06.2026 | I155: 13 | J155: Week 27
D156: =SUM(D103:D155) -> 203
A157: POR-PL001923 | B157: VIDEI001 | C157: BBSSD-00600NFC | D157: 1 | E157: 1 | F157: 07.08.2026 | G157: 31 | H157: 24.06.2026 | I157: 6 | J157: Week 28
A158: POR-PL001923 | B158: VIDEI001 | C158: BBSSI-00600NFC | D158: 1 | E158: 1 | F158: 07.08.2026 | G158: 31 | H158: 24.06.2026 | I158: 6 | J158: Week 28
A159: POR-PL001923 | B159: VIDEI001 | C159: BBSSS-00600NFC | D159: 1 | E159: 1 | F159: 07.08.2026 | G159: 31 | H159: 24.06.2026 | I159: 6 | J159: Week 28
A161: POR-PL001926 | B161: VIDEI001 | C161: TCPMHI-0300NFC | D161: 2 | E161: 2 | F161: 07.08.2026 | G161: 31 | H161: 30.06.2026 | I161: 7 | J161: Week 28
A162: POR-PL001926 | B162: VIDEI001 | C162: TCPMHS-0300NFC | D162: 1 | E162: 1 | F162: 07.08.2026 | G162: 31 | H162: 30.06.2026 | I162: 7 | J162: Week 28
A163: POR-PL001926 | B163: VIDEI001 | C163: TCPMV3-0300HGC | D163: 1 | E163: 1 | F163: 07.08.2026 | G163: 31 | H163: 30.06.2026 | I163: 7 | J163: Week 28
A164: POR-PL001926 | B164: VIDEI001 | C164: TCPMVG-0300NFC | D164: 24 | E164: 24 | F164: 07.08.2026 | G164: 31 | H164: 30.06.2026 | I164: 7 | J164: Week 28
A165: POR-PL001926 | B165: VIDEI001 | C165: TCPMVH-0300NFC | D165: 24 | E165: 24 | F165: 07.08.2026 | G165: 31 | H165: 30.06.2026 | I165: 7 | J165: Week 28
A166: POR-PL001926 | B166: VIDEI001 | C166: TCPMVI-0300NFC | D166: 8 | E166: 8 | F166: 07.08.2026 | G166: 31 | H166: 30.06.2026 | I166: 7 | J166: Week 28
A168: POR-PL001927 | B168: VIDEI001 | C168: BBSSD-00300NFC | D168: 4 | E168: 4 | F168: 07.08.2026 | G168: 31 | H168: 30.06.2026 | I168: 7 | J168: Week 28
A169: POR-PL001927 | B169: VIDEI001 | C169: TCPMV3-0250HGC | D169: 2 | E169: 2 | F169: 07.08.2026 | G169: 31 | H169: 30.06.2026 | I169: 7 | J169: Week 28
A170: POR-PL001927 | B170: VIDEI001 | C170: TCPMVD-0200NFD | D170: 2 | E170: 2 | F170: 07.08.2026 | G170: 31 | H170: 30.06.2026 | I170: 7 | J170: Week 28
... A205: POR-PL001929 | B205: VIDEI001 | C205: TCPMVS-0200LFD | D205: 4 | E205: 4 | F205: 07.08.2026 | G205: 31 | H205: 30.06.2026 | I205: 7 | J205: Week 28
D206: =SUM(D157:D205) -> 259 | G206: 38 | H206: 30.06.2026 | I206: 0
A207: POR-PL001907 | B207: VIDEI001 | C207: TCPMVI-S750V2 | D207: 1 | E207: 1 | F207: 14.08.2026 | G207: 72 | H207: 02.06.2026 | I207: 1 | J207: Week 29
A209: POR-PL001931 | B209: VIDEI001 | C209: BBSSD-00300NFC | D209: 16 | E209: 16 | F209: 14.08.2026 | G209: 38 | H209: 03.07.2026 | I209: 4 | J209: Week 29
A210: POR-PL001931 | B210: VIDEI001 | C210: TCPMHI-0300NFC | D210: 1 | E210: 1 | F210: 14.08.2026 | G210: 38 | H210: 03.07.2026 | I210: 4 | J210: Week 29
A211: POR-PL001931 | B211: VIDEI001 | C211: TCPMHS-0300NFC | D211: 1 | E211: 1 | F211: 14.08.2026 | G211: 38 | H211: 03.07.2026 | I211: 4 | J211: Week 29
A212: POR-PL001931 | B212: VIDEI001 | C212: TCPMV3-0300HGC | D212: 1 | E212: 1 | F212: 14.08.2026 | G212: 38 | H212: 03.07.2026 | I212: 4 | J212: Week 29
A213: POR-PL001931 | B213: VIDEI001 | C213: TCPMV3-0300NFC | D213: 1 | E213: 1 | F213: 14.08.2026 | G213: 38 | H213: 03.07.2026 | I213: 4 | J213: Week 29
A214: POR-PL001931 | B214: VIDEI001 | C214: TCPMVD-0300NFD | D214: 1 | E214: 1 | F214: 14.08.2026 | G214: 38 | H214: 03.07.2026 | I214: 4 | J214: Week 29
A215: POR-PL001931 | B215: VIDEI001 | C215: TCPMVH-0300NFC | D215: 18 | E215: 18 | F215: 14.08.2026 | G215: 38 | H215: 03.07.2026 | I215: 4 | J215: Week 29
A216: POR-PL001931 | B216: VIDEI001 | C216: TCPMVI-0300NFC | D216: 21 | E216: 21 | F216: 14.08.2026 | G216: 38 | H216: 03.07.2026 | I216: 4 | J216: Week 29
A218: POR-PL001932 | B218: VIDEI001 | C218: TCPMVD-0200NFD | D218: 3 | E218: 3 | F218: 14.08.2026 | G218: 38 | H218: 03.07.2026 | I218: 4 | J218: Week 29
A219: POR-PL001932 | B219: VIDEI001 | C219: TCPMVG-0300NFC | D219: 15 | E219: 15 | F219: 14.08.2026 | G219: 38 | H219: 03.07.2026 | I219: 4 | J219: Week 29
A220: POR-PL001932 | B220: VIDEI001 | C220: TCPMVI-0250NFC | D220: 2 | E220: 2 | F220: 14.08.2026 | G220: 38 | H220: 03.07.2026 | I220: 4 | J220: Week 29
... A255: POR-PL001934 | B255: VIDEI001 | C255: TCPMVS-0400LFC | D255: 1 | E255: 1 | F255: 14.08.2026 | G255: 38 | H255: 03.07.2026 | I255: 4 | J255: Week 29
D256: =SUM(D207:D255) -> 269
A257: POR-PL001930 | B257: VIDEI001 | C257: TCPMVG-S500V4 | D257: 2 | E257: 2 | F257: 21.08.2026 | G257: 45 | H257: 01.07.2026 | I257: 6 | J257: Week 30
A259: POR-PL001924 | B259: VIDEI001 | C259: BBSSI-S750V1 | D259: 1 | E259: 1 | F259: 04.09.2026 | G259: -46203 | H259: 29.06.2026 | I259: 1 | J259: Week 32
E261: =SUM(E1:E259) -> 1056
E262: =E259+E257+E207+E159+E158+E157+E103+E66+E64+E28+E26+E25+E23+E2 -> 25
E263: =E261-E262 -> 1031

Sheet budget and forecast rec
A1: Just tanks | B1: 46023 | C1: 46054 | D1: 46082 | E1: 46113 | F1: 46143 | G1: 46174 | H1: 46204 | I1: 46235 | J1: 46266 | K1: 46296 | L1: 46327 | M1: 46357 | N1: 46388 | O1: 46419 | P1: 46447
A2: Budget | B2: 376 | C2: 423 | D2: 555 | E2: 527 | F2: 589 | G2: 612 | H2: 717 | I2: 714 | J2: 846 | K2: 867 | L2: 665 | M2: 511
A3: Forecast 9th Jan | B3: 374 | C3: 381 | D3: 536 | E3: 527 | F3: 582 | G3: 603 | H3: 711 | I3: 710 | J3: 841 | K3: 860 | L3: 658 | M3: 509
A4: diff Jan vs Budget | B4: =B3-B2 -> -2 | C4: =C3-C2 -> -42 | D4: =D3-D2 -> -19 | E4: =E3-E2 -> 0 | F4: =F3-F2 -> -7 | G4: =G3-G2 -> -9 | H4: =H3-H2 -> -6 | I4: =I3-I2 -> -4 | ... M4: =M3-M2 -> -2 | Q4: =SUM(B4:M4) -> -110
A5: Forecast Mar | B5: 374 | C5: 381 | D5: 527 | E5: 515 | F5: 570 | G5: 597 | H5: 700 | I5: 698 | J5: 829 | K5: 846 | L5: 652 | M5: 504
A6: diff Mar vs Jan | B6: =B5-B3 -> 0 | C6: =C5-C3 -> 0 | D6: =D5-D3 -> -9 | E6: =E5-E3 -> -12 | F6: =F5-F3 -> -12 | G6: =G5-G3 -> -6 | H6: =H5-H3 -> -11 | I6: =I5-I3 -> -12 | ... M6: =M5-M3 -> -5 | Q6: =SUM(B6:M6) -> -99
A7: diff Mar vs budget | B7: =B5-B2 -> -2 | C7: =C5-C2 -> -42 | D7: =D5-D2 -> -28 | E7: =E5-E2 -> -12 | F7: =F5-F2 -> -19 | G7: =G5-G2 -> -15 | H7: =H5-H2 -> -17 | I7: =I5-I2 -> -16 | ... M7: =M5-M2 -> -7 | Q7: =SUM(B7:M7) -> -209
A8: Forecast 9th Apr | E8: 540 | F8: 585 | G8: 613 | H8: 708 | I8: 707 | J8: 828 | K8: 856 | L8: 654 | M8: 507 | N8: =ROUND(439+439*15%,0) -> 505 | O8: =ROUND(355+355*15%,0) -> 408 | P8: =ROUND(521+521*15%,0) -> 599
A9: diff Apr vs Mar | E9: =E8-E5 -> 25 | F9: =F8-F5 -> 15 | G9: =G8-G5 -> 16 | H9: =H8-H5 -> 8 | I9: =I8-I5 -> 9 | J9: =J8-J5 -> -1 | K9: =K8-K5 -> 10 | L9: =L8-L5 -> 2 | M9: =M8-M5 -> 3 | Q9: =SUM(B9:M9) -> 87
A10: Forecast 13th Jul | H10: 643.01 | I10: 655.97 | J10: 835.02 | K10: 936.91 | L10: 654 | M10: 507
H11: =H10-H8 -> -64.99 | I11: =I10-I8 -> -51.03 | J11: =J10-J8 -> 7.02 | K11: =K10-K8 -> 80.91 | L11: =L10-L8 -> 0 | M11: =M10-M8 -> 0 | Q11: =SUM(B11:M11) -> -28.09
A13: Forecast August | I13: 643 | J13: 835 | K13: 931 | L13: 654 | M13: 507
